 Dungeon Crawl Stone Soup version 0.31-a0-819-gf6de2f5ab6 (webtiles) character file.

Game seed: 12802450119992933159

16335091 DocSulfur the Grand Master (level 27, 293/293 HPs)
             Began as an Octopode Berserker on Sept 23, 2023.
             Was the Champion of Trog.
             Escaped with the Orb
             ... and 15 runes!
             The game lasted 04:48:01 (95503 turns).

DocSulfur the Grand Master (Octopode Berserker)    Turns: 95503, Time: 04:48:02

Health: 293/293    AC: 40    Str: 34      XL:     27
Magic:  18/18      EV: 72    Int: 11      God:    Trog [******]
Gold:   11840      SH: 45    Dex: 55 (56) Spells: 26/26 levels left

rFire   + +          .
                       - Unarmed
rCold   + + .        r - +7 tower shield {rN+}
rNeg    + + .        (helmet restricted)
rPois   ∞            Z - amulet "Firejojo" {Drain Regen+ Str+6}
rElec   +            V - ring "Muetiw" {Contam rF+ rC+ Dex+6}
rCorr   +            x - ring of Wigg {rCorr Dex+3}
SInv    +            R - ring of Xixtoicy {rF+ Will+ Str+3 SInv}
Will    +++..        z - ring of the Octopus King {Fly HP+2 AC+2 EV+2 SH+2}
Stlth   +++++        p - ring of Puapre Eloe {rPois rC+ Dex+6}
HPRegen 1.48/turn    W - +6 ring of dexterity
MPRegen 0.16/turn    k - +6 ring of dexterity
                     l - ring of Doors {Will- Str+6 Dex+8}

%: random rage (3%)
@: statue-form, flying, studying 3 skills, very slow
A: slow and powerful, torment resistance 1, boosted hp, almost no armour,
amphibious, 8 rings, camouflage 1, (gelatinous body 1), (nimble swimmer 1),
tentacles, berserk 1, deterioration 2, low MP 2, strong-willed 1
0: Orb of Zot
}: 15/15 runes: decaying, slimy, silver, golden, iron, obsidian, icy, bone,
abyssal, demonic, glowing, magical, fiery, dark, gossamer
a: Begin Untransformation, Renounce Religion, Berserk, Trog's Hand, Brothers in
Arms


You escaped.
You worshipped Trog.
Trog was exalted by your worship.
You were a living statue of rough stone.
You visited 18 branches of the dungeon, and saw 88 of its levels.
You visited Pandemonium 2 times, and saw 17 of its levels.
You visited the Abyss 2 times.
You visited 1 bazaar.
You visited 2 ziggurats, and saw 10 of their levels (deepest: 5).
You also visited: Bailey and Ice Cave.

You collected 17940 gold pieces.
You spent 6100 gold pieces at shops.

Inventory:

Missiles
 f - 31 boomerangs (quivered)
 D - 3 throwing nets
Armour
 r - a +7 tower shield of positive energy (worn)
 S - a +8 tower shield
Jewellery
 a - a +6 ring of intelligence
 k - a +6 ring of dexterity (on tentacle)
 l - the ring of Doors (on tentacle) {Will- Str+6 Dex+8}
   (You found it on level 7 of Gehenna)

   [ring of strength]

   Str+6:     It affects your strength (+6).
   Dex+8:     It affects your dexterity (+8).
   Will-:     It decreases your willpower.
 m - the ring of Beauty {rElec rPois rF+ Int+4}
   (You found it on level 7 of Gehenna)

   [ring of poison resistance]

   Int+4:     It affects your intelligence (+4).
   rF+:       It protects you from fire.
   rElec:     It insulates you from electricity.
   rPois:     It protects you from poison
 p - the ring of Puapre Eloe (on tentacle) {rPois rC+ Dex+6}
   (You found it on level 7 of Gehenna)

   [ring of dexterity]

   Dex+6:     It affects your dexterity (+6).
   rC+:       It protects you from cold.
   rPois:     It protects you from poison
 u - the ring of Xom's Ringing Laughter {rN+ Str+3}
   (You found it on level 3 of the Crypt)

   [ring of positive energy]

   Str+3:     It affects your strength (+3).
   rN+:       It protects you from negative energy.
 v - the ring of Gihapn {rC+ Str+3}
   (You took it off a deep elf demonologist on level 3 of the Elven Halls)

   [ring of protection from cold]

   Str+3:     It affects your strength (+3).
   rC+:       It protects you from cold.
 x - the ring of Wigg (right tentacle) {rCorr Dex+3}
   (You bought it in a shop on level 2 of the Orcish Mines)

   [ring of resist corrosion]

   Dex+3:     It affects your dexterity (+3).
   rCorr:     It protects you from acid and corrosion.
 z - a ring of the Octopus King (on tentacle) {Fly HP+2 AC+2 EV+2 SH+2}
   (You found it on level 7 of the Iron City of Dis)

   [ring of flight]

   AC+2:      It affects your AC (+2).
   EV+2:      It affects your evasion (+2).
   HP+2:      It affects your health (+2).
   Fly:       It grants you flight.
   SH+2:      It affects your SH (+2).
 A - a +4 ring of protection
 C - the amulet "Otepotom" {Reflect rF+ SH+5}
   (You found it on level 5 of the Pits of Slime)

   [amulet of reflection]

   Reflect:   It reflects blocked missile attacks.
   rF+:       It protects you from fire.
   SH+5:      It affects your SH (+5).
 M - the ring of Sayblothre {Fire Str+7 SInv}
   (You bought it in a shop on level 2 of the Orcish Mines)

   [ring of fire]

   Fire:      It enhances your fire magic.
   Str+7:     It affects your strength (+7).
   rF+:       It protects you from fire.
   rC-:       It makes you vulnerable to cold.
   SInv:      It lets you see invisible.
 O - a +6 ring of strength
 R - the ring of Xixtoicy (on tentacle) {rF+ Will+ Str+3 SInv}
   (You acquired it in a bazaar)

   [ring of see invisible]

   Str+3:     It affects your strength (+3).
   rF+:       It protects you from fire.
   Will+:     It increases your willpower.
   SInv:      It lets you see invisible.
 V - the ring "Muetiw" (left tentacle) {Contam rF+ rC+ Dex+6}
   (You took it off Dispater on level 7 of the Iron City of Dis)

   [ring of dexterity]

   Dex+6:     It affects your dexterity (+6).
   rF+:       It protects you from fire.
   rC+:       It protects you from cold.
   Contam:    It causes magical contamination when unequipped.
 W - a +6 ring of dexterity (on tentacle)
 X - a +4 ring of protection
 Z - the amulet "Firejojo" (around mantle) {Drain Regen+ Str+6}
   (You found it on level 3 of the Tomb of the Ancients)

   [amulet of regeneration]

   Str+6:     It affects your strength (+6).
   Regen+:    It increases your rate of health regeneration.
   Drain:     It drains your maximum health when unequipped.
Talismans
 E - a talisman of death
 K - a storm talisman
 Y - a granite talisman (active)
Wands
 w - a wand of acid (86)
 F - a wand of roots (80)
 T - a wand of digging (44)
Scrolls
 c - 6 scrolls of fear
 d - 15 scrolls of teleportation
 g - 11 scrolls of immolation
 i - 2 scrolls of blinking
 q - 3 scrolls of fog
 s - 5 scrolls of butterflies
 G - 2 scrolls of revelation
 H - a scroll of silence
 L - 10 scrolls of vulnerability
Potions
 b - 25 potions of curing
 e - 15 potions of attraction
 h - 2 potions of haste
 j - 3 potions of invisibility
 n - 2 potions of resistance
 I - 7 potions of enlightenment
 J - 3 potions of cancellation
 N - 8 potions of might
 P - 4 potions of mutation
 Q - 5 potions of ambrosia
 U - a potion of heal wounds
Miscellaneous
 o - a phantom mirror
 t - a lightning rod (4/4)
 y - a sack of spiders
 B - a tin of tremorstones (1/2)


   Skills:
 O Level 27 Fighting
 + Level 21.4 Throwing
 O Level 27 Dodging
 + Level 26.8 Stealth
 O Level 27 Shields
 O Level 27 Unarmed Combat
 + Level 16.3 Evocations
 - Level 25.8 Shapeshifting


You had 26 spell levels left.
You didn't know any spells.
Your spell library contained the following spells:

 Spells                   Type           Power      Damage    Failure   Level
 Apportation              Tloc           0%         N/A       34%         1
 Foxfire                  Conj/Fire      0%         2x1d4     34%         1
 Freeze                   Ice            0%         1d3       34%         1
 Kiss of Death            Conj/Necr      0%         2d5       34%         1
 Magic Dart               Conj           0%         1d3       34%         1
 Necrotise                Necr           0%         1d4       34%         1
 Sandblast                Erth           0%         2d4       34%         1
 Shock                    Conj/Air       0%         1d3       34%         1
 Slow                     Hex            0%         N/A       34%         1
 Sting                    Tmut/Pois      0%         1d3       34%         1
 Summon Small Mammal      Summ           0%         N/A       34%         1
 Blink                    Tloc           0%         N/A       47%         2
 Cigotuvi's Dreadful Rot  Necr/Pois/Air  0%         N/A       47%         2
 Ensorcelled Hibernation  Hex/Ice        0%         N/A       47%         2
 Jinxbite                 Hex            0%         N/A       47%         2
 Lesser Beckoning         Tloc           0%         N/A       47%         2
 Momentum Strike          Conj/Tloc      0%         3d8       47%         2
 Passwall                 Tmut/Erth      0%         N/A       47%         2
 Poisonous Vapours        Pois/Air       0%         N/A       47%         2
 Scorch                   Fire           0%         2d5       47%         2
 Searing Ray              Conj           0%         2d4       47%         2
 Static Discharge         Conj/Air       0%         2-2/arc   47%         2
 Call Canine Familiar     Summ           0%         N/A       71%         3
 Confusing Touch          Hex            0%         N/A       71%         3
 Dazzling Flash           Conj/Hex       0%         N/A       71%         3
 Frozen Ramparts          Ice            0%         1d1       71%         3
 Gell's Gravitas          Tloc           0%         N/A       71%         3
 Hailstorm                Conj/Ice       0%         3d3       71%         3
 Ignite Poison            Fire/Tmut/Pois 0%         N/A       71%         3
 Inner Flame              Hex/Fire       0%         N/A       71%         3
 Mephitic Cloud           Conj/Pois/Air  0%         N/A       71%         3
 Ozocubu's Armour         Ice            0%         N/A       71%         3
 Sigil of Binding         Hex            0%         N/A       71%         3
 Stone Arrow              Conj/Erth      0%         3d7       71%         3
 Teleport Other           Tloc           0%         N/A       71%         3
 Tukima's Dance           Hex            0%         N/A       71%         3
 Vampiric Draining        Necr           0%         2d6       71%         3
 Volatile Blastmotes      Fire/Tloc      0%         2d10      71%         3
 Airstrike                Air            0%         2d(0-16)  98%         4
 Anguish                  Hex/Necr       0%         N/A       98%         4
 Animate Dead             Necr           0%         N/A       98%         4
 Brom's Barrelling Bould  Conj/Erth      0%         2d3       98%         4
 Cause Fear               Hex            0%         N/A       98%         4
 Dimensional Bullseye     Hex/Tloc       0%         N/A       98%         4
 Dispel Undead            Necr           0%         3d6       98%         4
 Flame Wave               Conj/Fire      0%         2d4       98%         4
 Fulminant Prism          Conj/Hex       0%         3d5       98%         4
 Iskenderun's Mystic Bla  Conj/Tloc      0%         2d3       98%         4
 Leda's Liquefaction      Hex/Erth       0%         N/A       98%         4
 Manifold Assault         Tloc           0%         N/A       98%         4
 Olgreb's Toxic Radiance  Pois           0%         N/A       98%         4
 Passage of Golubria      Tloc           0%         N/A       98%         4
 Sticky Flame             Conj/Fire      0%         2d3       98%         4
 Summon Ice Beast         Ice/Summ       0%         N/A       98%         4
 Summon Lightning Spire   Summ/Air       0%         N/A       98%         4
 Vhi's Electric Charge    Tloc/Air       0%         N/A       98%         4
 Agony                    Necr           0%         N/A       100%        5
 Alistair's Intoxication  Tmut/Pois      0%         N/A       100%        5
 Arcjolt                  Conj/Air       0%         1d10      100%        5
 Borgnjor's Vile Clutch   Necr/Erth      0%         N/A       100%        5
 Fireball                 Conj/Fire      0%         3d3       100%        5
 Freezing Cloud           Conj/Ice/Air   0%         6-21      100%        5
 Irradiate                Conj/Tmut      0%         3d11      100%        5
 Iskenderun's Battlesphe  Conj           0%         2d6       100%        5
 Lee's Rapid Deconstruct  Erth           0%         3d4*      100%        5
 Metabolic Englaciation   Hex/Ice        0%         N/A       100%        5
 Silence                  Hex/Air        0%         N/A       100%        5
 Summon Forest            Summ/Tloc      0%         N/A       100%        5
 Summon Mana Viper        Hex/Summ       0%         N/A       100%        5
 Yara's Violent Unravell  Hex/Tmut       0%         3d3       100%        5
 Bombard                  Conj/Erth      0%         9d1       100%        6
 Conjure Ball Lightning   Conj/Air       0%         3x3d6     100%        6
 Death Channel            Necr           0%         N/A       100%        6
 Dispersal                Tloc           0%         N/A       100%        6
 Eringya's Noxious Bog    Tmut/Pois      0%         4d6       100%        6
 Plasma Beam              Fire/Air       0%         2x1d10    100%        6
 Simulacrum               Ice/Necr       0%         N/A       100%        6
 Starburst                Conj/Fire      0%         6d3       100%        6
 Summon Cactus Giant      Summ           0%         N/A       100%        6
 Enfeeble                 Hex            0%         N/A       100%        7
 Haunt                    Necr/Summ      0%         N/A       100%        7
 Monstrous Menagerie      Summ           0%         N/A       100%        7
 Orb of Destruction       Conj           0%         9d5       100%        7
 Ozocubu's Refrigeration  Ice            0%         4d7       100%        7
 Spellforged Servitor     Conj/Summ      0%         N/A       100%        7
 Summon Hydra             Summ           0%         N/A       100%        7
 Borgnjor's Revivificati  Necr           0%         N/A       100%        8
 Discord                  Hex            0%         N/A       100%        8
 Disjunction              Tloc           0%         N/A       100%        8
 Ignition                 Fire           0%         3d3       100%        8
 Infestation              Necr           0%         N/A       100%        8
 Lehudib's Crystal Spear  Conj/Erth      0%         10d2      100%        8
 Maxwell's Capacitive Co  Air            0%         ∞         100%        8
 Chain Lightning          Conj/Air       0%         N/A       100%        9
 Death's Door             Necr           0%         N/A       100%        9
 Dragon's Call            Summ           0%         N/A       100%        9
 Fire Storm               Conj/Fire      0%         5d1       100%        9
 Shatter                  Erth           0%         3d5*      100%        9
 Animate Armour           Summ/Erth      Unusable   N/A       N/A         4

Dungeon Overview and Level Annotations

Branches:
Dungeon (15/15)            Temple (1/1) D:5            Lair (5/5) D:10
  Swamp (4/4) Lair:3       Spider (4/4) Lair:3        Slime (5/5) Lair:4
    Orc (2/2) D:11            Elf (3/3) Orc:2        Vaults (5/5) D:13
  Crypt (3/3) Vaults:3       Tomb (3/3) Crypt:3      Depths (4/4) D:15
   Hell (visited)             Dis (7/7) Hell            Geh (7/7) Hell
    Coc (7/7) Hell            Tar (7/7) Hell            Zot (5/5) Depths:4
 Bailey (visited)           IceCv (visited)

Altars:
Ashenzari
Cheibriados
Dithmenos
Elyvilon
Fedhas
Gozag
Hepliaklqana
Kikubaaqudgha
Makhleb
Nemelex Xobeh
Okawaru
Qazlal
Ru
Sif Muna
Trog
Uskayaw
Vehumet
Wu Jian
Xom
Yredelemnul
Zin
The Shining One
Jiyva

Shops:
D:1 [   D:3 [   D:13 *   Orc:2 ([=*   Elf:2 =   Vaults:5 [   Depths:1 *((:
Depths:2 :

Portals:
Hell: Depths:1 Depths:2 Depths:3 Depths:4
Abyss: Depths:1 Depths:3
Pandemonium: Depths:1 Depths:2

Annotations:
D:13 exclusion: door
Elf:1 exclusion: orange crystal statue


Innate Abilities, Weirdness & Mutations

You are a living statue of rough stone.
Your actions are slow, but your melee attacks are powerful.
You are resistant to unholy torment.
Your maximum health is greatly increased.
You cannot wear most types of armour.
You are amphibious.
You can wear up to eight rings at the same time.
You are immune to poison.
Your skin changes colour to match your surroundings (Stealth+).
((Your rubbery body absorbs attacks. (AC +1, EV +1)))
((You are camouflaged when in or above water. (Stealth+)))
You have tentacles for arms and can constrict up to eight enemies at once.
You sometimes lose your temper in combat.
Your body often deteriorates upon taking damage.
Your magical capacity is very low. (-20% MP)
You are strong-willed. (Will+)


Message History

You start waiting.
A lorocyproca comes into view.
You block the lorocyproca's attack. x2
You thrash the lorocyproca!!! You grab the lorocyproca.
The lorocyproca is heavily wounded.
You constrict the lorocyproca. You block the lorocyproca's attack.
You thrash the lorocyproca!!!!!
You kill the lorocyproca!
Trog accepts your kill.
You start waiting.
A tormentor comes into view.
You throw a boomerang. The boomerang hits the tormentor!!
The tormentor is heavily wounded.
You throw a boomerang. The boomerang hits the tormentor.
The tormentor is severely wounded.
You feel yourself speed up.
The tormentor calls on the powers of darkness!
Your body is wracked with pain!
You throw a boomerang.
The boomerang barely misses the tormentor.
You throw a boomerang.
The boomerang barely misses the tormentor.
You throw a boomerang. The boomerang hits the tormentor.
The tormentor is severely wounded.
You throw a boomerang.
The boomerang closely misses the tormentor.
You barely miss the tormentor. You grab the tormentor.
You squeeze the tormentor!
You kill the tormentor!
Trog accepts your kill.
You feel your intelligence returning.
You start resting.
You recover from your berserk rage.
You start resting.
HP restored.
Okay, then.
You remove the ring of Beauty {rElec rPois rF+ Int+4}.
You feel agile.
k - a +6 ring of dexterity (on tentacle)
You have escaped!

.)........#..##...#.........#####
>..#....#.....##..#.##..###.##...
####.#####.....#..#.#####÷#.##...
####..####...8.#..#.#######.###..
..[............#..#.#.......#÷#..
..#######....[##..#...###.?.###..
#.# #####....##...#####÷#........
#.###........#....#######.####...
#..#..####...'..8.'....##.#÷#....
##...## #...#....##..##..####...
##...####...##...##..#.....###.#
#.....##....##..#.....#...# #.#
#.###†.......#..#.###.....# #.#
#.# ####...8.#..#.....##### #..
#.# #......#..#..#### #.. #.#
###.....##..#..# ##^#
#.###......##...#..# #..#


There were no monsters in sight!

Vanquished Creatures
  Cerebov (Pan)
  Antaeus (Coc:7)
  the Royal Jelly (Slime:5)
  Asmodeus (Geh:7)
  Ereshkigal (Tar:7)
  Gloorx Vloq (Pan)
  the Serpent of Hell (Tar:7)
  Lom Lobon (Pan)
  9 ancient liches
  5 dread liches
  Mnoleg (Pan)
  Dispater (Dis:7)
  10 orbs of fire
  6 pandemonium lords
  3 juggernauts (Dis:7)
  34 royal mummies
  Boris (Crypt:1)
  Sojobo (Crypt:1)
  Vv (Crypt:1)
  The ghost of Howanit the Eclecticist, a veteran DjCj of Ashenzari (Elf:1)
  Saint Roka (Vaults:1)
  Margery (Vaults:5)
  8 Killer Klowns
  8 shard shrikes
  A curse toe (Zot:5)
  20 caustic shrikes
  Geryon (Hell)
  18 golden dragons
  9 profane servitors
  the Enchantress (Depths:2)
  41 bone dragons
  24 Tzitzimimeh
  19 doom hounds
  21 hellephants
  14 Brimstone Fiends
  4 electric golems
  3 spectral shard shrikes
  Jorgrun (Swamp:1)
  23 Hell Sentinels
  10 iron giants
  19 tentacled monstrosities
  19 tainted leviathans
  2 walking crystal tomes
  Zenata (Vaults:1)
  3 shard shrike skeletons
  34 Ice Fiends
  33 Orb Guardians
  A walking divine tome (Depths:4)
  Mlioglotl (Swamp:1)
  4 deep elf blademasters
  Asterion (Lair:3)
  4 liches
  16 titans
  3 walking earthen tomes
  16 searing wretches
  17 acid blobs
  31 Executioners
  15 sphinxes
  4 death cobs
  12 quicksilver dragons
  2 deep elf master archers (Elf:3)
  2 tentacled starspawn (Abyss:3)
  32 ancient champions
  An eldritch tentacle (Tomb:2)
  7 tengu reavers
  Agnes (Elf:2)
  6 revenants
  20 storm dragons
  Donald (Slime:5)
  14 shadow dragons
  19 fire giants
  A thorn hunter (Swamp:4)
  6 rockslimes
  8 azure jellies
  9 narguns
  A daeva (Abyss:3)
  11 quicksilver elementals
  8 demonspawn warmongers (Pan)
  8 emperor scorpions
  6 draconian knights
  37 balrugs
  5 draconian monks
  A fenstrider witch (shapeshifter) (Zig:1)
  10 iron dragons
  13 frost giants
  7 deep elf sorcerers
  9 ghost moths
  17 vault wardens
  A juggernaut zombie (Depths:1)
  2 spectral caustic shrikes (Tar:3)
  4 deep elf elementalists (Elf:3)
  10 draconian scorchers
  2 orc warlords
  A caustic shrike zombie (Depths:1)
  3 curse skulls
  A ghoul (Crypt:1)
  7 draconian shifters
  21 ironbound preservers
  23 war gargoyles
  The ghost of Zenatt the Brawler, a journeyman TrFi of Ashenzari (Lair:4)
  11 quicksilver oozes
  6 demonspawn blood saints (Pan)
  5 draconian stormcallers
  8 spriggan defenders
  10 draconian annihilators
  34 very ugly things
  10 shard shrike simulacra
  6 demonspawn corrupters (Pan)
  5 ironbound thunderhulks
  A formless jellyfish (shapeshifter) (Depths:3)
  2 formless jellyfish (Vaults:2)
  20 cacodemons (Pan)
  15 stone giants
  26 elemental wellsprings
  3 broodmothers
  21 vampire knights
  32 reapers
  22 putrid mouths
  6 eleionomae
  Azrael (D:14)
  2 spectral titans (Tar:5)
  5 white draconians
  10 black draconians
  8 deep elf annihilators
  3 green draconians
  7 demonspawn black suns
  8 bennus (Tomb:3)
  20 purple draconians
  10 deep elf demonologists
  15 wendigos
  17 lorocyprocas
  A halazid warlock (Hell)
  6 bunyips
  11 red draconians
  6 yellow draconians
  7 spark wasps
  12 blizzard demons
  11 dire elephants
  15 eidola
  2 spectral quicksilver dragons
  A crystal guardian (Vaults:4)
  12 ettins
  4 jiangshi
  16 iron golems
  Snorg (Lair:5)
  7 deep elf death magi
  2 merfolk impalers (Zig:5)
  8 entropy weavers
  A kraken zombie (Hell)
  12 green deaths
  A shambling mangrove (Swamp:3)
  2 deep elf high priests
  A spectral golden dragon (Tar:6)
  Josephine (D:12)
  34 vault guards
  30 mummy priests
  11 yaktaur captains
  12 fire dragons
  3 spectral spriggans
  A spectral fenstrider witch (Tar:1)
  A spectral tengu (Tar:1)
  9 great orbs of eyes
  Fannar (Lair:2)
  2 spriggan zombies
  An entropy weaver (shapeshifter) (D:14)
  19 hydras
  9 ice dragons
  4 rakshasas
  A jorogumo (Spider:4)
  4 salamander tyrants
  A sphinx zombie (Vaults:4)
  6 hell beasts (Pan)
  7 alligators
  6 caustic shrike simulacra
  A peacekeeper (Vaults:4)
  8 spriggan air magi
  3 ghost crabs
  An Orb Guardian zombie (Crypt:1)
  9 centaur warriors
  9 ironbound frosthearts
  5 juggernaut simulacra
  A radroach (shapeshifter) (Vaults:5)
  3 ogre magi
  A radroach (Spider:3)
  17 two-headed ogres
  44 dancing weapons
  7 boulder beetles
  6 deep troll shamans
  5 spriggan skeletons
  5 death knights
  A merfolk avatar (Zig:5)
  11 stokers
  17 death scarabs
  A tengu warrior (Depths:2)
  13 vampire magi
  10 deep troll earth magi
  18 demonic crawlers
  Urug (Lair:1)
  26 hell hogs
  13 spriggan berserkers
  4 shock serpents
  2 spectral dire elephants
  6 thrashing horrors
  24 hell knights
  68 sun demons
  5 crystal echidnas
  16 deep elf knights
  27 soul eaters
  A salamander mystic (Depths:1)
  A skyshark (Lair:3)
  36 shadow wraiths
  A titan skeleton (Crypt:1)
  10 wretched stars (Abyss:3)
  Nergalle (Orc:1)
  5 pharaoh ants
  45 skeletal warriors
  17 iron trolls
  3 sun moths
  A sea snake (Zig:5)
  A skyshark (shapeshifter) (Elf:3)
  24 sixfirhies
  A spatial maelstrom (Abyss:3)
  64 deep trolls
  4 goliath frogs
  5 glowing orange brains
  8 quicksilver dragon simulacra
  2 storm dragon skeletons
  A spectral bunyip (Tar:1)
  A swamp dragon (shapeshifter) (Vaults:5)
  A glowing orange brain (shapeshifter) (Vaults:5)
  The ghost of Armakuni the Mimic, a novice OpSh (D:7)
  2 spriggan druids
  An iron giant zombie (Geh:3)
  11 bog bodies
  A kraken simulacrum (Hell)
  2 ghost moth zombies (Crypt:2)
  14 orb spiders
  22 deep elf archers
  A death drake (shapeshifter) (Zig:3)
  8 shadow demons
  13 flayed ghosts
  A spectral hydra (Tar:4)
  10 wizards
  17 ironbound convokers
  An orange crystal statue (IceCv)
  12 orc knights
  An alligator zombie (Hell)
  11 phantasmal warriors
  13 swamp dragons
  4 steelbarb worms
  10 lindwurms
  14 necromancers
  29 deep elf pyromancers
  A fenstrider witch simulacrum (Coc:1)
  An iron giant skeleton (Crypt:2)
  4 anaconda skeletons
  2 fire giant zombies (Depths:1)
  14 wolf spiders
  29 deep elf zephyrmancers
  6 orc sorcerers
  A shining eye (shapeshifter) (Vaults:5)
  2 harpies
  3 iron dragon zombies
  4 shining eyes
  2 golden dragon skeletons (Depths:1)
  32 ugly things
  3 spectral ettins
  A shadow dragon skeleton (Pan)
  4 salamanders
  2 oklob plants
  A wolf spider (shapeshifter) (Depths:4)
  A human skeleton (Vaults:4)
  23 moths of wrath
  2 will-o-the-wisps
  6 manticores
  4 elephants (Lair:5)
  A frost giant skeleton (Depths:1)
  6 rust devils
  6 cyclopes
  A spectral centaur (Tar:1)
  A water nymph (Zig:5)
  4 fire giant skeletons
  A stone giant skeleton (Depths:1)
  Maurice (Orc:1)
  A guardian serpent (Abyss:3)
  2 ice statues (Spider:3)
  8 black mambas
  29 starcursed masses
  55 smoke demons
  6 gargoyles
  2 naga magi (Abyss:3)
  15 vault sentinels
  2 eyes of devastation (shapeshifter)
  2 molten gargoyles (Lair:5)
  An iron dragon skeleton (Pan)
  28 orange demons
  An orc skeleton (Pan)
  A sea snake zombie (Hell)
  7 titan simulacra
  3 centaur skeletons
  2 eyes of devastation
  4 naga skeletons
  An unseen horror (D:12)
  5 rime drakes
  A death yak zombie (Crypt:2)
  38 yaktaurs
  Jeremiah (D:6)
  7 cane toads
  4 torpor snails
  35 hellions
  6 anaconda simulacra
  8 komodo dragons
  A bunyip simulacrum (Coc:1)
  10 efreet
  2 golden dragon simulacra
  A kobold demonologist (D:13)
  38 tormentors
  2 dire elephant skeletons
  12 ice devils
  8 freezing wraiths
  A black draconian zombie (Crypt:2)
  4 ancient zymes (Abyss:3)
  57 guardian mummies
  4 tengu conjurers
  3 silent spectres
  5 merfolk (Zig:5)
  2 hydra zombies (Hell)
  A grey draconian skeleton (Crypt:1)
  2 spectral harpies
  A meliai (shapeshifter) (Elf:3)
  A harpy zombie (Abyss:3)
  10 red devils
  2 polar bears
  3 tyrant leeches
  4 meliai
  4 iron giant simulacra
  8 trolls
  23 blink frogs
  5 harpy skeletons
  A tarantella (shapeshifter) (Vaults:4)
  An alligator simulacrum (IceCv)
  A guardian serpent zombie (Crypt:1)
  18 hellwings (Pan)
  A wind drake (shapeshifter) (Depths:2)
  26 tarantellas
  A tyrant leech (shapeshifter) (Depths:4)
  12 hornets
  9 raiju
  5 dream sheep (Lair:5)
  3 iron dragon simulacra
  2 snapping turtles (Zig:5)
  3 ettin zombies
  40 flying skulls
  A black mamba zombie (Crypt:1)
  35 jumping spiders
  A fire dragon skeleton (Crypt:2)
  82 slime creatures
  17 culicivoras
  3 naga simulacra
  2 centaur simulacra
  3 air elementals
  2 vampires (D:11)
  25 ynoxinuls
  15 spriggans
  12 wraiths
  32 ushabtiu
  10 water elementals
  2 humans (D:7)
  28 neqoxecs
  8 shadows
  6 dire elephant simulacra
  53 yaks
  9 fire bats
  14 golden eyes
  10 wyverns
  5 basilisks
  5 fire elementals
  29 chaos spawn
  4 steam dragons
  Eustachio (D:6)
  A demonspawn zombie (Crypt:1)
  86 redbacks
  Edmund (D:5)
  A yaktaur simulacrum (Vaults:4)
  A faun zombie (Crypt:2)
  14 harpy simulacra
  78 large abominations
  3 nagas
  18 vampire mosquitoes
  3 wargs
  A glowing shapeshifter zombie (Depths:1)
  15 swamp worms
  A deep troll zombie (Crypt:1)
  A spatial vortex (Abyss:3)
  A tengu zombie (Depths:1)
  3 acid dragons
  15 hell hounds
  12 water moccasins
  2 floating eyes
  A floating eye (shapeshifter) (Zig:2)
  4 hydra simulacra
  32 orc warriors
  7 swamp drakes
  3 sky beasts (D:6)
  A merfolk simulacrum (Coc:1)
  A two-headed ogre skeleton (Crypt:2)
  8 ettin simulacra
  11 ogres
  22 wolves
  3 centaurs
  5 boggarts (Vaults:2)
  2 kobold brigands
  3 phantoms
  4 elf zombies
  20 bullfrogs
  3 gnoll sergeants
  10 small abominations
  3 earth elementals
  A water moccasin zombie (Crypt:2)
  2 scorpions
  A human simulacrum (Zig:2)
  A glowing shapeshifter simulacrum (Depths:1)
  12 wights
  3 killer bees (D:8)
  3 howler monkeys (D:8)
  3 electric eels
  2 bullfrog zombies (D:6)
  13 jellies
  5 lava snakes (Lair:5)
  A quasit (Abyss:3)
  12 orc priests
  A gnoll bouda (D:6)
  3 hounds (D:5)
  4 iron imps
  A sleepcap (D:5)
  15 hell rats
  2 iguanas (D:4)
  25 orc wizards
  An ogre zombie (Crypt:1)
  58 mummies
  25 gnolls
  6 adders
  A shadow imp (D:7)
  4 white imps
  3 ufetubi
  3 worms
  107 orcs
  10 ball pythons
  19 endoplasms
  2 giant cockroaches
  21 goblins
  17 hobgoblins
  4 quokkas
  7 bats
  2 frilled lizards
  32 kobolds
  8 rats
  6 creeping infernos
  10 fire vortices
  A lurking horror (Abyss:3)
  4 starspawn tentacles (Abyss:3)
  4 tentacles (Hell)
4414 creatures vanquished.

Vanquished Creatures (collateral kills)
  Mennas (Vaults:2)
  The ghost of Quplyedo the Tortoise, an adept GrGl of Okawaru (Elf:2)
  A shadow dragon (Vaults:5)
  2 orc warlords
  3 hydras (Swamp:4)
  An alligator (Swamp:3)
  An orc high priest (Orc:2)
  A skeletal warrior (Tomb:3)
  A swamp dragon (Swamp:4)
  A bog body (Swamp:4)
  An orc knight (Orc:2)
  A will-o-the-wisp (Swamp:4)
  A guardian mummy (Tomb:3)
  A dire elephant simulacrum (IceCv)
  2 swamp worms (Swamp:3)
  4 orc warriors (Orc:2)
  2 orc priests (Orc:2)
25 creatures vanquished.

Vanquished Creatures (others)
  A hellephant (Geh:7)
  A quicksilver dragon (Zot:1)
  An eldritch tentacle (Pan)
  A fire giant (Geh:3)
  2 shard shrike simulacra
  An angel (Pan)
  An elemental wellspring (Coc:7)
  A lorocyproca (Pan)
  A blizzard demon (Pan)
  A caustic shrike simulacrum (Coc:7)
  2 sixfirhies (Pan)
  A deep elf knight (Elf:3)
  A quicksilver dragon simulacrum (Coc:5)
  2 orb spiders (Spider:4)
  2 deep elf pyromancers
  A deep elf zephyrmancer (Elf:3)
  A titan simulacrum (Coc:4)
  2 smoke demons (Pan)
  A hellion (Coc:4)
  2 bloated husks
  An iron giant simulacrum (Coc:7)
  A stone giant simulacrum (Coc:7)
  2 naga simulacra (Coc:6)
  A dire elephant simulacrum (Coc:7)
  A golden eye (Pan)
  3 neqoxecs
  3 harpy simulacra
  A chaos spawn (Pan)
  A hydra simulacrum (Coc:7)
  A large abomination (Elf:1)
  A swamp drake (Swamp:4)
  2 ettin simulacra
  A centaur (D:9)
  An orc priest (Orc:1)
  An orc wizard (Orc:2)
  18 ball lightnings (Pan)
  6 creeping infernos
  A fire vortex (Pan)
  14 foxfires
  A lurking horror (Abyss:1)
  4 starspawn tentacles (Abyss:3)
  7 tentacles (Hell)
98 creatures vanquished.

Grand Total: 4537 creatures vanquished

Notes
Turn   | Place    | Note
-------+----------+-------------------------------------------
     0 | D:1      | DocSulfur the Octopode Berserker began the quest for the
                  | Orb.
     0 | D:1      | Reached XP level 1. HP: 16/16 MP: 1/1
     3 | D:1      | Found Quisudoth's Magic Scroll Shop.
   144 | D:1      | Reached XP level 2. HP: 21/21 MP: 2/2
   392 | D:1      | Found Hantiosch's Armour Emporium.
   440 | D:1      | Reached XP level 3. HP: 23/26 MP: 3/3
   597 | D:1      | Reached ** piety under Trog
   731 | D:2      | Found a faded altar of an unknown god.
  1126 | D:2      | You fall into a shaft and drop 2 floors!
  1471 | D:3      | Found a burning altar of Makhleb.
  1791 | D:3      | Reached XP level 4. HP: 31/31 MP: 4/4
  1793 | D:3      | Reached skill level 1 in Throwing
  1914 | D:3      | Found Hatyowal's Armour Shop.
  2203 | D:4      | Reached XP level 5. HP: 27/36 MP: 5/5
  2411 | D:4      | Reached XP level 6. HP: 37/42 MP: 6/6
  2932 | D:4      | Reached skill level 5 in Dodging
  2932 | D:4      | Reached skill level 5 in Unarmed Combat
  3170 | D:1      | Bought a scroll of identify for 20 gold pieces
  3170 | D:1      | Bought a scroll of fear for 40 gold pieces
  3170 | D:1      | Bought a scroll of fog for 40 gold pieces
  3170 | D:1      | Bought a scroll of noise for 10 gold pieces
  3225 | D:5      | Entered Level 5 of the Dungeon
  3225 | D:5      | Noticed Edmund
  3237 | D:5      | Killed Edmund
  3238 | D:5      | Reached XP level 7. HP: 46/46 MP: 7/7
  3339 | D:5      | Reached skill level 1 in Shields
  3410 | D:5      | Found a hazy altar of Hepliaklqana.
  3649 | D:5      | Found a blossoming altar of Fedhas.
  3650 | D:5      | Found a glowing golden altar of the Shining One.
  3678 | D:5      | Reached XP level 8. HP: 52/52 MP: 8/8
  3865 | D:5      | Found a sparkling altar of Nemelex Xobeh.
  4009 | D:5      | Found a bloodstained altar of Trog.
  4009 | D:5      | Found a broken altar of Ashenzari.
  4108 | D:5      | Found a staircase to the Ecumenical Temple.
  4337 | Temple   | Entered the Ecumenical Temple
  4411 | D:6      | Noticed Eustachio
  4420 | D:6      | Killed Eustachio
  4705 | D:6      | Reached *** piety under Trog
  4938 | D:6      | Reached skill level 5 in Shapeshifting
  5214 | D:6      | Found a radiant altar of Vehumet.
  5290 | D:6      | Reached XP level 9. HP: 57/57 MP: 9/9
  5470 | D:6      | Noticed Jeremiah
  5645 | D:6      | Found a basalt altar of Yredelemnul.
  5868 | D:6      | Killed Jeremiah
  6764 | D:7      | Reached **** piety under Trog
  7027 | D:7      | Found an iron altar of Okawaru.
  7247 | D:7      | Found a runed translucent gate.
  7249 | D:7      | Noticed Armakuni's ghost (novice OpSh)
  7253 | D:7      | Found a runed translucent gate.
  7253 | D:7      | Found a runed translucent gate.
  7583 | D:8      | Noticed a hornet
  7588 | D:8      | Killed a hornet
  7589 | D:8      | Reached XP level 10. HP: 63/63 MP: 10/10
  7669 | D:8      | Reached skill level 10 in Shapeshifting
  7874 | D:8      | Found a flagged portal.
  7900 | Bailey   | Entered a bailey
  7916 | Bailey   | Noticed an orc warlord
  8052 | Bailey   | Found a runed translucent gate.
  8053 | Bailey   | Found a runed translucent gate.
  8064 | Bailey   | Found a runed translucent gate.
  8235 | Bailey   | Killed an orc warlord
  8290 | Bailey   | Reached XP level 11. HP: 77/77 MP: 11/11
  8942 | D:9      | Reached ***** piety under Trog
  9654 | D:9      | Identified the +7 long sword of Greed {drain, SInv}
  9810 | D:10     | Entered Level 10 of the Dungeon
 10034 | D:10     | Found a hide-covered altar of Uskayaw.
 10104 | D:10     | Reached XP level 12. HP: 82/82 MP: 12/12
 10182 | D:10     | Found a staircase to the Lair.
 10646 | D:10     | Noticed a two-headed ogre
 10651 | D:10     | Killed a two-headed ogre
 10884 | D:10     | Identified the +3 leather armour of Feral the Leaf {rElec
                  | rPois}
 11231 | D:11     | Found a viscous altar of Jiyva.
 11247 | D:11     | Reached skill level 10 in Fighting
 11283 | D:11     | Received a gift from Trog
 11287 | D:11     | Found a staircase to the Orcish Mines.
 12037 | D:12     | Noticed Josephine
 12058 | D:12     | Killed Josephine
 12066 | D:12     | Reached skill level 10 in Unarmed Combat
 12141 | D:12     | Noticed a two-headed ogre
 12157 | D:12     | Killed a two-headed ogre
 12255 | D:12     | Noticed a two-headed ogre
 12261 | D:12     | Killed a two-headed ogre
 13031 | D:13     | Noticed a seven-headed hydra
 13037 | D:13     | Killed a seven-headed hydra
 13142 | Lair:1   | Entered Level 1 of the Lair of Beasts
 13153 | Lair:1   | Reached XP level 13. HP: 95/95 MP: 13/13
 13565 | Lair:1   | Noticed Urug
 13660 | Lair:1   | Killed Urug
 14691 | Lair:2   | Noticed Fannar
 14706 | Lair:2   | Killed Fannar
 15022 | Lair:2   | You are sucked into a shaft and drop 1 floor!
 15151 | Lair:3   | Found a staircase to the Swamp.
 15151 | Lair:3   | Noticed an eleionoma
 15159 | Lair:3   | Killed an eleionoma
 15722 | Lair:2   | Received a gift from Trog
 16947 | Lair:3   | Reached XP level 14. HP: 104/104 MP: 14/14
 17010 | Lair:3   | Found a hole to the Spider Nest.
 17344 | Spider:1 | Entered Level 1 of the Spider Nest
 17417 | Swamp:1  | Entered Level 1 of the Swamp
 17670 | Lair:4   | Found a runed translucent door.
 17672 | Lair:4   | Noticed Zenatt's ghost (journeyman TrFi)
 18456 | Lair:4   | Found a runed translucent door.
 18456 | Lair:4   | Found a viscous altar of Jiyva.
 18457 | Lair:4   | Found a staircase to the Slime Pits.
 18619 | Lair:5   | Entered Level 5 of the Lair of Beasts
 18721 | Lair:5   | Reached skill level 10 in Dodging
 19096 | Lair:5   | Identified the +5 short sword of Yruonwir {vamp, rElec
                  | Str+4 Int-5 Dex+3}
 19271 | Lair:5   | Noticed Snorg
 19280 | Lair:5   | Killed Snorg
 19301 | Lair:5   | Received a gift from Trog
 19944 | Lair:5   | Found a large runed translucent door.
 19946 | Lair:5   | Found a large runed translucent door.
 21127 | Orc:1    | Entered Level 1 of the Orcish Mines
 21471 | Orc:1    | Noticed Maurice
 21473 | Orc:1    | Maurice stole 33 boomerangs
 21476 | Orc:1    | Killed Maurice
 21520 | Orc:1    | Noticed Nergalle
 21534 | Orc:1    | Killed Nergalle
 21544 | Orc:1    | Reached XP level 15. HP: 109/109 MP: 12/15
 21813 | Orc:2    | Entered Level 2 of the Orcish Mines
 21961 | Orc:2    | Found a staircase to the Elven Halls.
 22010 | Orc:2    | Received a gift from Trog
 22018 | Orc:2    | Noticed an orc warlord
 22024 | Orc:2    | Killed an orc warlord
 22067 | Orc:2    | Found Yzif's Jewellery Emporium.
 22073 | Orc:2    | Found Iluleoz's General Store.
 22158 | Orc:2    | Bought a potion of heal wounds for 80 gold pieces
 22262 | Orc:2    | Found Iffuosir's Antique Armour Emporium.
 22285 | Orc:2    | Found Hinoit's Antique Weapon Emporium.
 22816 | D:1      | Bought a scroll of acquirement for 520 gold pieces
 22816 | D:1      | Acquired 952 gold pieces
 22820 | D:1      | Bought a scroll of teleportation for 30 gold pieces
 22820 | D:1      | Bought a scroll of teleportation for 30 gold pieces
 22820 | D:1      | Bought a scroll of teleportation for 30 gold pieces
 22820 | D:1      | Bought a scroll of vulnerability for 40 gold pieces
 22820 | D:1      | Bought a scroll of poison for 40 gold pieces
 23026 | Orc:2    | Bought a +4 ring of protection for 648 gold pieces
 23026 | Orc:2    | Bought a ring of protection from fire for 450 gold pieces
 23026 | Orc:2    | Bought a ring of protection from cold for 450 gold pieces
 23026 | Orc:2    | Bought a +4 ring of protection for 648 gold pieces
 23136 | D:13     | Found a gate to the Vaults.
 23821 | D:13     | Found Bezodiez's Assorted Antiques.
 23828 | D:13     | Bought a smoky amethyst potion for 36 gold pieces
 23828 | D:13     | Bought a scroll labelled BOL ATHRAOLIMM for 40 gold pieces
 23898 | D:13     | Noticed a tengu reaver
 24083 | D:14     | Noticed Azrael
 24135 | D:14     | Killed Azrael
 24845 | D:14     | Found a shadowy altar of Dithmenos.
 25075 | D:15     | Entered Level 15 of the Dungeon
 25316 | D:15     | Reached XP level 16. HP: 118/118 MP: 16/16
 25852 | D:15     | Found a staircase to the Depths.
 26533 | Swamp:1  | Noticed Mlioglotl
 26546 | Swamp:1  | Noticed Jorgrun
 26561 | Swamp:1  | Killed Jorgrun
 26568 | Swamp:1  | Killed Mlioglotl
 26928 | Swamp:1  | Received a gift from Trog
 27072 | Swamp:1  | Reached XP level 17. HP: 126/126 MP: 17/17
 27908 | Swamp:2  | Identified the +5 spear of the Past {drain, +Blink rC-
                  | rCorr Dex+4}
 28668 | Swamp:2  | Gained mutation: Your body sometimes deteriorates upon
                  | taking damage. [potion of mutation]
 28957 | Swamp:3  | Identified the +1 flail of Gozag's Whim {flame, rCorr}
 29418 | Swamp:3  | Reached skill level 10 in Evocations
 29966 | Swamp:4  | Entered Level 4 of the Swamp
 30060 | Swamp:4  | Received a gift from Trog
 30061 | Swamp:4  | Noticed a tentacled monstrosity
 30073 | Swamp:4  | Killed a tentacled monstrosity
 30081 | Swamp:4  | Reached XP level 18. HP: 58/133 MP: 8/18
 30596 | Swamp:4  | Reached skill level 15 in Fighting
 30664 | Swamp:4  | Got a decaying rune of Zot
 30672 | Swamp:4  | Reached skill level 15 in Shapeshifting
 31081 | Swamp:4  | Identified the +7 hand axe "Noejiceo" {freeze, Stlth+}
 31533 | Spider:1 | Noticed Asterion
 32027 | Lair:3   | Killed Asterion
 32028 | Lair:3   | Reached skill level 15 in Dodging
 32873 | Spider:1 | Reached skill level 15 in Unarmed Combat
 34200 | Spider:3 | Found a frozen archway.
 34317 | Spider:3 | Found the +8 trishula "Condemnation" {holy, anguish, *Noise
                  | Fly rN+}
 34386 | IceCv    | Entered an ice cave
 34405 | IceCv    | Found a transporter.
 34417 | IceCv    | Found a transporter.
 34807 | Spider:3 | Identified the +0 chain mail of Weightlessness {Fly Int+3}
 34852 | Spider:3 | Reached XP level 19. HP: 141/141 MP: 19/19
 34999 | Spider:3 | Got a vellum book
 36243 | Spider:4 | Entered Level 4 of the Spider Nest
 36281 | Spider:4 | Received a gift from Trog
 36296 | Spider:4 | Reached skill level 5 in Throwing
 36960 | Spider:4 | Reached skill level 5 in Shields
 37227 | Spider:4 | Received a gift from Trog
 37441 | Lair:4   | Killed Zenatt's ghost
 37590 | D:7      | Killed Armakuni's ghost
 38254 | Spider:4 | Got a gossamer rune of Zot
 38314 | Spider:4 | Lost mutation: Your body sometimes deteriorates upon taking
                  | damage. [potion of mutation]
 38314 | Spider:4 | Gained mutation: You are frail. (-10% HP) [potion of
                  | mutation]
 38315 | Spider:4 | Lost mutation: You are frail. (-10% HP) [potion of
                  | mutation]
 38315 | Spider:4 | Gained mutation: You sometimes lose your temper in combat.
                  | [potion of mutation]
 38315 | Spider:4 | Gained mutation: You are dopey. (Int -2) [potion of
                  | mutation]
 38315 | Spider:4 | Gained mutation: Your system is resistant to poisons.
                  | (rPois) [potion of mutation]
 38316 | Spider:4 | Lost mutation: You sometimes lose your temper in combat.
                  | [potion of mutation]
 38316 | Spider:4 | Lost mutation: You are dopey. (Int -2) [potion of mutation]
 38316 | Spider:4 | Lost mutation: Your system is resistant to poisons. (rPois)
                  | [potion of mutation]
 38316 | Spider:4 | Gained mutation: Your mind is acute. (Int +4, Str/Dex -1)
                  | [potion of mutation]
 38316 | Spider:4 | Gained mutation: You do not regenerate when monsters are
                  | visible. [potion of mutation]
 38316 | Spider:4 | Gained mutation: Your skin blends seamlessly with your
                  | surroundings (Stealth++). [potion of mutation]
 38317 | Spider:4 | Lost mutation: Your skin blends seamlessly with your
                  | surroundings (Stealth++). [potion of mutation]
 38317 | Spider:4 | Lost mutation: You do not regenerate when monsters are
                  | visible. [potion of mutation]
 38317 | Spider:4 | Lost mutation: Your mind is acute. (Int +4, Str/Dex -1)
                  | [potion of mutation]
 38317 | Spider:4 | Gained mutation: You are strong-willed. (Will+) [potion of
                  | mutation]
 38565 | Elf:1    | Entered Level 1 of the Elven Halls
 38593 | Orc:2    | Bought the ring of Sayblothre {Fire Str+7 SInv} for 916
                  | gold pieces
 38654 | Elf:1    | Found a runed translucent gate.
 38654 | Elf:1    | Found a runed translucent gate.
 38656 | Elf:1    | Found a runed translucent gate.
 38659 | Elf:1    | Noticed Howanit's ghost (veteran DjCj)
 38668 | Elf:1    | Identified the staff of Urgency {rF+ rCorr Str+2 SInv Fire}
 38676 | Elf:1    | Reached ****** piety under Trog
 38888 | Elf:1    | Got a gaudy book
 39059 | Elf:1    | Reached XP level 20. HP: 147/147 MP: 20/20
 39291 | Elf:1    | Identified the +4 ring mail "Ydiockufev" {Will- Int+5
                  | Slay+3}
 39584 | Elf:2    | Found Zadoerphya's Jewellery Shop.
 39626 | Elf:2    | Found a runed translucent door.
 39627 | Elf:2    | Found a shimmering altar of Xom.
 39627 | Elf:2    | Noticed Quplyedo's ghost (adept GrGl)
 39757 | Elf:2    | Received a gift from Trog
 39818 | Elf:2    | Reached skill level 10 in Shields
 39885 | Elf:2    | Noticed Agnes
 39891 | Elf:2    | Killed Agnes
 40023 | Elf:2    | Found a runed translucent gate.
 40028 | Elf:2    | Found a runed translucent gate.
 40028 | Elf:2    | Found a runed translucent gate.
 40405 | Elf:2    | Received a gift from Trog
 40445 | Elf:2    | Killed Quplyedo's ghost
 40447 | Elf:2    | Identified the +3 longbow of Gozag's Righteous Fury {heavy,
                  | Str+6 SInv}
 40448 | Elf:2    | Identified the +3 hand axe of Conversion {protect, Int+6
                  | Stlth+}
 40570 | Elf:3    | Entered Level 3 of the Elven Halls
 40635 | Elf:3    | Noticed a Tzitzimitl
 40671 | Elf:3    | Identified the +6 spear "Tuenodon" {drain, rC+ rN+ Will+
                  | Dex-2}
 40687 | Elf:3    | Identified the +8 dagger "Cookie Cutter" {flame, rF+}
 40687 | Elf:3    | Identified the ring of Simytz {rC- rN+ Str+6 Dex+2}
 40751 | Elf:3    | Received a gift from Trog
 40859 | Elf:3    | Identified the ring of Ememayte {Ice rPois Dex+3 Stlth+}
 40873 | Elf:3    | Reached XP level 21. HP: 153/153 MP: 21/21
 40933 | Elf:3    | Paralysed by an air elemental for 1 turns
 40992 | Elf:3    | Identified the ring of Gihapn {rC+ Str+3}
 41000 | Elf:3    | Got a clothbound book
 41179 | Elf:3    | Identified the +7 falchion "Being" {drain, rCorr Str+6
                  | Int+3 Dex-2}
 41182 | Elf:3    | Identified the +9 shortbow "Tupral" {antimagic, Dex+3}
 41828 | Elf:1    | Killed Howanit's ghost
 41843 | Elf:1    | Identified the +2 cloak of Poor Excuses {Int+3}
 41981 | Vaults:1 | Entered Level 1 of the Vaults
 42099 | Orc:2    | Bought the ring of Wigg {rCorr Dex+3} for 532 gold pieces
 42243 | Vaults:1 | Received a gift from Trog
 42278 | Vaults:1 | Noticed Saint Roka
 42292 | Vaults:1 | Killed Saint Roka
 42576 | Vaults:1 | Got a foxed book
 42679 | Vaults:1 | Noticed Zenata
 42813 | Vaults:1 | Received a gift from Trog
 43092 | Vaults:1 | Killed Zenata
 43943 | Vaults:2 | Reached XP level 22. HP: 159/159 MP: 22/22
 44000 | Vaults:2 | Noticed Mennas
 44007 | Vaults:2 | Killed Mennas
 44080 | Vaults:2 | Identified the +10 trident of Axiffopu {heavy, Dex+2 SInv}
                  | (Trog gifted it to you on level 2 of the Vaults)
 44080 | Vaults:2 | Received a gift from Trog
 44657 | Vaults:2 | Received a gift from Trog
 45474 | Vaults:3 | Found a staircase to the Crypt.
 46722 | Vaults:4 | Received a gift from Trog
 47126 | Vaults:4 | Reached XP level 23. HP: 164/164 MP: 23/23
 47219 | Vaults:5 | Entered Level 5 of the Vaults
 47352 | Vaults:5 | Noticed a golden dragon
 47366 | Vaults:5 | Killed a golden dragon
 47376 | Vaults:5 | Noticed a dread lich
 47391 | Vaults:5 | Killed a dread lich
 47651 | Vaults:5 | Noticed Margery
 47674 | Vaults:5 | Killed Margery
 47674 | Vaults:5 | Received a gift from Trog
 48169 | Vaults:5 | Found Kynnil's Antique Armour Emporium.
 48245 | Vaults:5 | Got a moldy book
 48263 | Vaults:5 | Received a gift from Trog
 48530 | Vaults:5 | Identified the +4 hand axe of Tutiap {speed, *Noise rPois
                  | rC+ MP+9}
 48558 | Vaults:5 | Paralysed by a sphinx for 2 turns
 48567 | Vaults:5 | Noticed a golden dragon
 48581 | Vaults:5 | Killed a golden dragon
 48587 | Vaults:5 | Noticed a golden dragon
 48591 | Vaults:5 | Killed a golden dragon
 48844 | Vaults:5 | Reached XP level 24. HP: 149/171 MP: 23/23
 49055 | Vaults:5 | Got a curling book
 49062 | Vaults:5 | Got a leatherbound book
 49457 | Vaults:5 | Got a silver rune of Zot
 50520 | Crypt:1  | Entered Level 1 of the Crypt
 50815 | Crypt:1  | Received a gift from Trog
 50815 | Crypt:1  | Noticed Vv
 50817 | Crypt:1  | Noticed Sojobo
 51012 | Crypt:1  | Killed Vv
 51039 | Crypt:1  | Noticed Boris
 51049 | Crypt:1  | Killed Boris
 51232 | Crypt:1  | Killed Sojobo
 51964 | Crypt:2  | Received a gift from Trog
 52058 | Crypt:2  | Got a sparkling book
 52248 | Crypt:3  | Entered Level 3 of the Crypt
 52468 | Crypt:3  | Got a whispering book
 52705 | Crypt:3  | Reached skill level 15 in Shields
 52818 | Crypt:3  | Identified the +4 shortbow of Laceration {drain, Dex+2}
 53109 | Crypt:3  | Found a staircase to the Tomb.
 53412 | Crypt:3  | Identified the ring of Xom's Ringing Laughter {rN+ Str+3}
 53412 | Crypt:3  | Identified the ring of Intercession {rElec rN+}
 53412 | Crypt:3  | Identified the ring "Uje Voesk" {rElec rPois rN+ SInv
                  | Stlth-}
 53728 | Crypt:3  | Found an ancient bone altar of Kikubaaqudgha.
 54287 | Depths:1 | Entered Level 1 of the Depths
 54296 | Depths:1 | Reached XP level 25. HP: 177/177 MP: 23/23
 54301 | Depths:1 | Received a gift from Trog
 54478 | Depths:1 | Found a one-way gate leading to the halls of Pandemonium.
 54542 | Depths:1 | Noticed an ancient lich
 54555 | Depths:1 | Killed an ancient lich
 54658 | Depths:1 | Received a gift from Trog
 54684 | Depths:1 | Got a clothbound book
 54767 | Depths:1 | Found Jyzxuvagg's Assorted Antiques.
 54986 | Depths:1 | Found Okygueh's Weapon Emporium.
 55007 | Depths:1 | Found Kuusykhu's Book Shoppe.
 55138 | Depths:1 | Found Kemu's Weapon Boutique.
 55250 | Depths:1 | Found a one-way gate to the infinite horrors of the Abyss.
 55301 | Depths:1 | Found a gateway to Hell.
 55552 | Depths:2 | Found Ficsidu's Book Shoppe.
 55561 | Depths:2 | You are sucked into a shaft and drop 1 floor!
 55627 | Depths:2 | Received a gift from Trog
 55661 | Depths:2 | Found a flickering gateway to a bazaar.
 55689 | Bazaar   | Entered a bazaar
 55689 | Bazaar   | Found Taycyu Illuu's Weapon Boutique.
 55694 | Bazaar   | Found Paucuos's Assorted Antiques.
 55779 | Bazaar   | Bought a potion of mutation for 176 gold pieces
 55783 | Bazaar   | Found Cunicraf's Assorted Antiques.
 55786 | Bazaar   | Found Leukyisy's Assorted Antiques.
 55791 | Bazaar   | Bought a scroll of acquirement for 988 gold pieces
 55791 | Bazaar   | Acquired the ring of Xixtoicy {rF+ Will+ Str+3 SInv}
 55798 | Bazaar   | Found Sygeigofei's Assorted Antiques.
 55802 | Bazaar   | Bought a scroll of teleportation for 63 gold pieces
 55802 | Bazaar   | Bought a runed cabochon ring for 105 gold pieces
 55820 | Bazaar   | Bought a potion of ambrosia for 168 gold pieces
 55977 | Depths:2 | Noticed the Enchantress
 55996 | Depths:2 | Killed the Enchantress
 56186 | Depths:2 | Identified the +5 long sword of the Lurker {venom, rElec
                  | Str+3}
 56249 | Depths:2 | Identified the +6 dagger of the Sharing Gods {elec, *Rage
                  | Str+6 Dex-4 Stlth+}
 56298 | Depths:2 | Received a gift from Trog
 56490 | Depths:2 | Identified the +7 short sword of Responsibility {drain,
                  | Dex+4}
 57067 | Depths:3 | Reached XP level 26. HP: 184/184 MP: 23/23
 57127 | Depths:3 | Found the +10 dark maul {heavy}
 57281 | Depths:3 | Found a shimmering blue altar of Sif Muna.
 57448 | Depths:3 | Received a gift from Trog
 57748 | Depths:4 | Entered Level 4 of the Depths
 57823 | Depths:4 | Paralysed by a floating eye for 4 turns
 57861 | Depths:4 | Found a one-way gateway to a ziggurat.
 57874 | Zig:1    | Entered Level 1 of a ziggurat
 57887 | Zig:2    | Entered Level 2 of a ziggurat
 57906 | Zig:3    | Entered Level 3 of a ziggurat
 57934 | Zig:4    | Entered Level 4 of a ziggurat
 57974 | Zig:5    | Entered Level 5 of a ziggurat
 57999 | Zig:5    | Received a gift from Trog
 58016 | Zig:5    | Got a shiny book
 58175 | Depths:4 | Found a gate to the Realm of Zot.
 58239 | Depths:4 | Found a broken altar of Ashenzari.
 58240 | Depths:4 | Found an ornate altar of the Wu Jian Council.
 58241 | Depths:4 | Found a sacrificial altar of Ru.
 58519 | Depths:4 | Received a gift from Trog
 58616 | Depths:4 | Identified the ring "Kaots" {MP+9 Int+3}
 59179 | Hell     | Entered the Vestibule of Hell
 59179 | Hell     | Noticed Geryon
 59200 | Hell     | Killed Geryon
 59201 | Hell     | Reached XP level 27. HP: 172/189 MP: 23/23
 59203 | Hell     | Received a gift from Trog
 59457 | Hell     | Found a gateway to the Iron City of Dis.
 59626 | Hell     | Found a gateway to the ashen valley of Gehenna.
 59812 | Hell     | Found a gateway to the decaying netherworld of Tartarus.
 59930 | Hell     | Found a gateway to the freezing wastes of Cocytus.
 59937 | Hell     | Identified the +9 broad axe of Lihoaxut {heavy, rF+ Dex+5}
                  | (Trog gifted it to you in the Vestibule of Hell)
 59937 | Hell     | Received a gift from Trog
 60101 | Zot:1    | Entered Level 1 of the Realm of Zot
 60153 | Zot:1    | Noticed an orb of fire
 60154 | Zot:1    | Gained mutation: You are dopey. (Int -2) [an orb of fire]
 60160 | Zot:1    | Killed an orb of fire
 61708 | Zot:2    | Noticed an orb of fire
 61723 | Zot:2    | Killed an orb of fire
 62115 | Zot:2    | Received a gift from Trog
 62961 | Zot:3    | Got a worn book
 62990 | Zot:3    | Noticed an orb of fire
 62994 | Zot:3    | Killed an orb of fire
 63308 | Zot:3    | Received a gift from Trog
 63348 | Zot:3    | You fall into a shaft and drop 1 floor!
 63458 | Zot:3    | Noticed an orb of fire
 63465 | Zot:3    | Killed an orb of fire
 64090 | Zot:4    | Identified the +8 mace of Urgency {holy, Dex+3}
 64550 | Zot:5    | Entered Level 5 of the Realm of Zot
 64831 | Zot:5    | Received a gift from Trog
 65755 | Tomb:1   | Entered Level 1 of the Tomb of the Ancients
 66333 | Tomb:1   | Noticed a royal mummy
 66333 | Tomb:1   | Noticed a royal mummy
 66335 | Tomb:1   | Noticed a royal mummy
 66366 | Tomb:1   | Killed a royal mummy
 66505 | Tomb:1   | Killed a royal mummy
 66513 | Tomb:1   | Killed a royal mummy
 66667 | Tomb:2   | Noticed a royal mummy
 66667 | Tomb:2   | Noticed a royal mummy
 66671 | Tomb:2   | Killed a royal mummy
 66691 | Tomb:2   | Noticed a royal mummy
 66691 | Tomb:2   | Killed a royal mummy
 66693 | Tomb:2   | Noticed a royal mummy
 66714 | Tomb:2   | Received a gift from Trog
 66723 | Tomb:2   | Killed a royal mummy
 66726 | Tomb:2   | Killed a royal mummy
 67311 | Tomb:1   | Noticed a royal mummy
 67318 | Tomb:1   | Noticed a royal mummy
 67321 | Tomb:1   | Noticed a royal mummy
 67325 | Tomb:1   | Killed a royal mummy
 67525 | Tomb:1   | Noticed a royal mummy
 67525 | Tomb:1   | Noticed a royal mummy
 67525 | Tomb:1   | Noticed a royal mummy
 67525 | Tomb:1   | Noticed a royal mummy
 67525 | Tomb:1   | Noticed a royal mummy
 67530 | Tomb:1   | Killed a royal mummy
 67645 | Tomb:1   | Noticed a royal mummy
 67649 | Tomb:1   | Killed a royal mummy
 68060 | Tomb:1   | Killed a royal mummy
 68063 | Tomb:1   | Killed a royal mummy
 68070 | Tomb:1   | Killed a royal mummy
 68107 | Tomb:1   | Killed a royal mummy
 68107 | Tomb:1   | Received a gift from Trog
 68230 | Tomb:1   | Killed a royal mummy
 68315 | Tomb:1   | Noticed a royal mummy
 68348 | Tomb:1   | Killed a royal mummy
 68355 | Tomb:1   | Killed a royal mummy
 68381 | Tomb:1   | Noticed a royal mummy
 68387 | Tomb:1   | Killed a royal mummy
 68390 | Tomb:1   | Noticed a royal mummy
 68397 | Tomb:1   | Killed a royal mummy
 68473 | Tomb:1   | Noticed a royal mummy
 68483 | Tomb:1   | Killed a royal mummy
 68499 | Tomb:1   | Noticed a royal mummy
 68505 | Tomb:1   | Killed a royal mummy
 68507 | Tomb:1   | Noticed a royal mummy
 68511 | Tomb:1   | Killed a royal mummy
 68874 | Tomb:3   | Entered Level 3 of the Tomb of the Ancients
 68883 | Tomb:3   | Found the crystal ball of Wucad Mu {*channel}
 68974 | Tomb:3   | Received a gift from Trog
 68975 | Tomb:3   | Noticed a royal mummy
 68982 | Tomb:3   | Killed a royal mummy
 68987 | Tomb:3   | Noticed a royal mummy
 68988 | Tomb:3   | Noticed a royal mummy
 68997 | Tomb:3   | Noticed a royal mummy
 68998 | Tomb:3   | Noticed a royal mummy
 69278 | Tomb:3   | Noticed a royal mummy
 69281 | Tomb:3   | Noticed a royal mummy
 69283 | Tomb:3   | Killed a royal mummy
 69291 | Tomb:3   | Noticed a royal mummy
 69291 | Tomb:3   | Noticed a royal mummy
 69299 | Tomb:3   | Killed a royal mummy
 69301 | Tomb:3   | Killed a royal mummy
 69310 | Tomb:3   | Killed a royal mummy
 69532 | Tomb:3   | Killed a royal mummy
 69539 | Tomb:3   | Killed a royal mummy
 69545 | Tomb:3   | Killed a royal mummy
 69803 | Tomb:3   | Killed a royal mummy
 69822 | Tomb:3   | Got a golden rune of Zot
 69840 | Tomb:3   | Identified the ring "Fimuschyrph" {Drain Fly Dex+4 SInv}
 69926 | Tomb:3   | Got a blackened book
 69928 | Tomb:3   | Identified the amulet "Firejojo" {Drain Regen+ Str+6}
 70839 | Pan      | Entered Pandemonium
 71053 | Pan      | Noticed Sim Ceim the pandemonium lord
 71069 | Pan      | Killed Sim Ceim the pandemonium lord
 71074 | Pan      | Received a gift from Trog
 72305 | Pan      | Identified the +0 pair of gloves "Riod" {Fly rN+++ Will+
                  | Int-4}
 72320 | Pan      | Received a gift from Trog
 72456 | Pan      | Found a runed translucent door.
 72630 | Pan      | Noticed Buirem the pandemonium lord
 72637 | Pan      | Killed Buirem the pandemonium lord
 72654 | Pan      | Noticed Hedibliw the pandemonium lord
 72789 | Pan      | Received a gift from Trog
 72916 | Pan      | Killed Hedibliw the pandemonium lord
 73089 | Pan      | Identified the staff "Zufeaxer" {rC+ Will++ Dex+2 Ice}
 73442 | Pan      | Gained mutation: You sometimes lose your temper in combat.
                  | [a cacodemon]
 73447 | Pan      | Gained mutation: Your body sometimes deteriorates upon
                  | taking damage. [a cacodemon]
 73610 | Pan      | Entered the realm of Mnoleg.
 73654 | Pan      | Gained mutation: You have an increased reservoir of magic.
                  | (+10% MP) [a neqoxec]
 73658 | Pan      | Gained mutation: You are very dopey. (Int -4) [a neqoxec]
 73658 | Pan      | Gained mutation: Your spells are a little easier to cast,
                  | but a little less powerful. [a neqoxec]
 73766 | Pan      | Lost mutation: You have an increased reservoir of magic.
                  | (+10% MP) [a cacodemon]
 73800 | Pan      | Noticed Mnoleg
 73812 | Pan      | Killed Mnoleg
 73812 | Pan      | Received a gift from Trog
 73825 | Pan      | Gained mutation: You are weak. (Str -2) [a neqoxec]
 73826 | Pan      | Gained mutation: You are very weak. (Str -4) [a neqoxec]
 73841 | Pan      | Gained mutation: You occasionally lose the ability to read
                  | scrolls when taking damage. [a neqoxec]
 73870 | Pan      | Gained mutation: Your body often deteriorates upon taking
                  | damage. [a cacodemon]
 73871 | Pan      | Gained mutation: You sometimes lose the ability to read
                  | scrolls when taking damage. [a cacodemon]
 74037 | Pan      | Got a glowing rune of Zot
 74071 | Pan      | Gained mutation: Potions are less effective at restoring
                  | your health. [a neqoxec]
 74098 | Pan      | Found a runed translucent door.
 74102 | Pan      | Found a runed translucent door.
 74102 | Pan      | Found a runed translucent door.
 74125 | Pan      | Lost mutation: Your spells are a little easier to cast, but
                  | a little less powerful. [potion of mutation]
 74125 | Pan      | Lost mutation: You are very weak. (Str -4) [potion of
                  | mutation]
 74126 | Pan      | Lost mutation: You sometimes lose your temper in combat.
                  | [potion of mutation]
 74126 | Pan      | Lost mutation: You are weak. (Str -2) [potion of mutation]
 74126 | Pan      | Lost mutation: You are very dopey. (Int -4) [potion of
                  | mutation]
 74126 | Pan      | Lost mutation: Potions are less effective at restoring your
                  | health. [potion of mutation]
 74126 | Pan      | Gained mutation: You are very dopey. (Int -4) [potion of
                  | mutation]
 74127 | Pan      | Lost mutation: You sometimes lose the ability to read
                  | scrolls when taking damage. [potion of mutation]
 74127 | Pan      | Lost mutation: You occasionally lose the ability to read
                  | scrolls when taking damage. [potion of mutation]
 74127 | Pan      | Lost mutation: You are strong-willed. (Will+) [potion of
                  | mutation]
 74127 | Pan      | Gained mutation: You have an increased reservoir of magic.
                  | (+10% MP) [potion of mutation]
 74140 | Pan      | Noticed Taykhlif the pandemonium lord
 74142 | Pan      | Gained mutation: Your muscles are strong. (Str +4, Int/Dex
                  | -1) [a neqoxec]
 74147 | Pan      | Killed Taykhlif the pandemonium lord
 74241 | Pan      | Found a runed translucent door.
 74271 | Pan      | Received a gift from Trog
 74459 | Pan      | Found a transporter.
 74491 | Pan      | Found an exit through the horrors of the Abyss.
 74758 | Pan      | Found a transporter.
 75013 | Pan      | Took an exit into the Abyss.
 75013 | Abyss:1  | Escaped into the Abyss
 75324 | Abyss:1  | Received a gift from Trog
 75375 | Depths:1 | Escaped the Abyss
 77777 | Zig:1    | Entered Level 1 of a ziggurat
 77789 | Zig:2    | Entered Level 2 of a ziggurat
 77810 | Zig:3    | Entered Level 3 of a ziggurat
 77810 | Zig:3    | Noticed an ancient lich
 77815 | Zig:3    | Killed an ancient lich
 77840 | Zig:4    | Entered Level 4 of a ziggurat
 77864 | Zig:5    | Entered Level 5 of a ziggurat
 77867 | Zig:5    | Found the +7 great mace "Firestarter" {flame, immolate,
                  | rFlCloud rF++}
 77871 | Zig:5    | Lost mutation: You have an increased reservoir of magic.
                  | (+10% MP) [a shining eye]
 77873 | Zig:5    | Lost mutation: Your muscles are strong. (Str +4, Int/Dex
                  | -1) [a shining eye]
 78527 | Pan      | Entered Pandemonium
 78555 | Pan      | Gained mutation: You are vulnerable to cold. (rC-) [a
                  | cacodemon]
 78684 | Pan      | Found an exit through the horrors of the Abyss.
 78698 | Pan      | Noticed Jiugosche the pandemonium lord
 78704 | Pan      | Killed Jiugosche the pandemonium lord
 78798 | Pan      | Gained mutation: You occasionally shout uncontrollably at
                  | your foes. [a cacodemon]
 78810 | Pan      | Gained mutation: You are frail. (-10% HP) [a cacodemon]
 78842 | Pan      | Lost mutation: You are very dopey. (Int -4) [potion of
                  | mutation]
 78842 | Pan      | Lost mutation: You are vulnerable to cold. (rC-) [potion of
                  | mutation]
 78842 | Pan      | Lost mutation: You are frail. (-10% HP) [potion of
                  | mutation]
 78842 | Pan      | Lost mutation: You occasionally shout uncontrollably at
                  | your foes. [potion of mutation]
 78842 | Pan      | Gained mutation: One of your tentacles bears a spike.
                  | [potion of mutation]
 79419 | Pan      | Received a gift from Trog
 79625 | Pan      | Got a demonic rune of Zot
 80192 | Pan      | Gained mutation: You occasionally shout uncontrollably at
                  | your foes. [a cacodemon]
 80308 | Pan      | Received a gift from Trog
 80331 | Pan      | Entered the realm of Gloorx Vloq.
 80919 | Pan      | Received a gift from Trog
 81000 | Pan      | Noticed Gloorx Vloq
 81013 | Pan      | Killed Gloorx Vloq
 81042 | Pan      | Got a dark rune of Zot
 81162 | Pan      | Entered the realm of Lom Lobon.
 81354 | Pan      | Reached skill level 27 in Unarmed Combat
 81704 | Pan      | Noticed Lom Lobon
 81755 | Pan      | Killed Lom Lobon
 81791 | Pan      | Got a magical rune of Zot
 81959 | Pan      | Entered the realm of Cerebov.
 82143 | Pan      | Identified the +1 scale mail of the Moon {Str+3}
 82349 | Pan      | Identified the +9 hand axe of Gehenna {pain, Stlth+}
 82383 | Pan      | Found the +6 sword of Cerebov {flame}
 82383 | Pan      | Noticed Cerebov
 82429 | Pan      | Received a gift from Trog
 82449 | Pan      | Killed Cerebov
 82489 | Pan      | Identified the +1 quarterstaff of Unaatruj {heavy, rC+ rN+
                  | MP-9 Str+3}
 82521 | Pan      | Got a fiery rune of Zot
 82544 | Pan      | Got an odd book
 83007 | Pan      | Identified the ring "Zoocsat" {rElec rN+ MP+9 Int+3}
 83148 | Depths:1 | Escaped Pandemonium
 83250 | Tar:1    | Entered Level 1 of Tartarus
 83547 | Tar:2    | Received a gift from Trog
 83829 | Tar:4    | Reached skill level 10 in Throwing
 83960 | Tar:5    | Identified the +6 flail "Neneudd" {antimagic, rElec Stlth+}
                  | (Trog gifted it to you on level 5 of Tartarus)
 83960 | Tar:5    | Received a gift from Trog
 84104 | Tar:7    | Entered Level 7 of Tartarus
 84232 | Tar:7    | Noticed an ancient lich
 84239 | Tar:7    | Killed an ancient lich
 84244 | Tar:7    | Noticed an ancient lich
 84248 | Tar:7    | Killed an ancient lich
 84482 | Tar:7    | Received a gift from Trog
 84671 | Tar:7    | Identified the amulet "Becoa" {rPois rC+ Regen+}
 84697 | Tar:7    | Noticed the Serpent of Hell
 84707 | Tar:7    | Noticed an ancient lich
 84709 | Tar:7    | Noticed an ancient lich
 84711 | Tar:7    | Killed the Serpent of Hell
 84712 | Tar:7    | Reached skill level 27 in Fighting
 84890 | Tar:7    | Identified the staff of the Apocalypse {rC+ SInv Ice}
 84893 | Tar:7    | Identified the +9 war axe "Fimaqotupp" {chaos, rC+}
 84903 | Tar:7    | Killed an ancient lich
 85172 | Tar:7    | Noticed Ereshkigal
 85185 | Tar:7    | Killed Ereshkigal
 85343 | Tar:7    | Received a gift from Trog
 85357 | Tar:7    | Reached skill level 27 in Dodging
 85366 | Tar:7    | Killed an ancient lich
 85415 | Tar:7    | Got a bone rune of Zot
 85439 | Tar:7    | Identified the +1 battleaxe "Birgheho" {heavy, rElec rCorr
                  | Str-5}
 85718 | Dis:1    | Entered Level 1 of the Iron City of Dis
 85925 | Dis:2    | Reached skill level 1 in Stealth
 86088 | Dis:3    | Noticed a royal mummy
 86093 | Dis:3    | Killed a royal mummy
 86096 | Dis:3    | Noticed a royal mummy
 86096 | Dis:3    | Noticed an ancient lich
 86099 | Dis:3    | Killed an ancient lich
 86103 | Dis:3    | Killed a royal mummy
 86104 | Dis:3    | Reached skill level 5 in Stealth
 86120 | Dis:3    | Noticed an ancient lich
 86122 | Dis:3    | Killed an ancient lich
 86123 | Dis:3    | Noticed a royal mummy
 86131 | Dis:3    | Killed a royal mummy
 86208 | Dis:3    | Noticed an ancient lich
 86220 | Dis:3    | Killed an ancient lich
 86323 | Dis:4    | Received a gift from Trog
 86386 | Dis:5    | Reached skill level 10 in Stealth
 86601 | Dis:7    | Entered Level 7 of the Iron City of Dis
 86883 | Dis:7    | Found the +2 shield of Resistance {rF++ rC++ Will++}
 86886 | Dis:7    | Noticed a juggernaut
 86890 | Dis:7    | Killed a juggernaut
 86932 | Dis:7    | Identified the +15 crystal plate armour "Dopioblu" {Str+2
                  | Dex+2 Stlth+}
 87041 | Dis:7    | Received a gift from Trog
 87167 | Dis:7    | Noticed a juggernaut
 87172 | Dis:7    | Killed a juggernaut
 87199 | Dis:7    | Identified the +1 chain mail "Voskaupp" {*Slow +Inv Dex+3
                  | SInv}
 87219 | Dis:7    | Got a strange book
 87532 | Dis:7    | Received a gift from Trog
 87613 | Dis:7    | Noticed a juggernaut
 87619 | Dis:7    | Killed a juggernaut
 87636 | Dis:7    | Identified the ring "Muetiw" {Contam rF+ rC+ Dex+6}
 87636 | Dis:7    | Noticed Dispater
 87645 | Dis:7    | Killed Dispater
 87649 | Dis:7    | Found the ring of the Octopus King
 87653 | Dis:7    | Identified a ring of the Octopus King {Fly HP+2 AC+2 EV+2
                  | SH+2}
 87661 | Dis:7    | Got an iron rune of Zot
 87955 | Coc:1    | Entered Level 1 of Cocytus
 88201 | Coc:4    | Reached skill level 15 in Stealth
 88364 | Coc:5    | Received a gift from Trog
 88572 | Coc:6    | Reached skill level 27 in Shields
 88922 | Coc:7    | Entered Level 7 of Cocytus
 89092 | Coc:7    | Reached skill level 15 in Throwing
 89093 | Coc:7    | Identified the +5 scimitar "Ihejobihicw" {flame, rF+} (Trog
                  | gifted it to you on level 7 of Cocytus)
 89093 | Coc:7    | Received a gift from Trog
 89376 | Coc:7    | Noticed a dread lich
 89381 | Coc:7    | Killed a dread lich
 89508 | Coc:7    | Got an exquisite book
 89606 | Coc:7    | Noticed Antaeus
 89624 | Coc:7    | Killed Antaeus
 89633 | Coc:7    | Got an icy rune of Zot
 89836 | Coc:7    | Found the +8 mithril axe "Arga" {speed, Will+}
 89875 | Coc:7    | Identified the +11 trident of Uschecw {heavy, rF- rN+
                  | Will+++ Int+2}
 90111 | Geh:1    | Entered Level 1 of Gehenna
 90485 | Geh:3    | Noticed a dread lich
 90488 | Geh:3    | Killed a dread lich
 90510 | Geh:3    | Received a gift from Trog
 90792 | Geh:7    | Entered Level 7 of Gehenna
 91138 | Geh:7    | Received a gift from Trog
 91701 | Geh:7    | Identified the ring of Puapre Eloe {rPois rC+ Dex+6}
 91705 | Geh:7    | Got a mumbling book
 91830 | Geh:7    | Found the +13 sceptre of Asmodeus
 91830 | Geh:7    | Noticed Asmodeus
 91837 | Geh:7    | Killed Asmodeus
 91853 | Geh:7    | Got a glossy book
 91871 | Geh:7    | Found the +6 arbalest "Damnation" {damnation}
 91877 | Geh:7    | Identified the ring of Beauty {rElec rPois rF+ Int+4}
 91905 | Geh:7    | Identified the ring of Doors {Will- Str+6 Dex+8}
 91939 | Geh:7    | Got an obsidian rune of Zot
 92422 | Slime:1  | Entered Level 1 of the Pits of Slime
 92630 | Slime:4  | Gained mutation: You do not regenerate when monsters are
                  | visible. [a shining eye]
 92634 | Slime:4  | Gained mutation: You are frail. (-10% HP) [a shining eye]
 92635 | Slime:4  | Gained mutation: You are weak. (Str -2) [a shining eye]
 92637 | Slime:4  | Gained mutation: You are clumsy. (Dex -2) [a shining eye]
 92676 | Slime:4  | Identified the +6 war axe of Dominance {flame, Stlth+}
                  | (Trog gifted it to you on level 4 of the Pits of Slime)
 92676 | Slime:4  | Received a gift from Trog
 92687 | Slime:5  | Entered Level 5 of the Pits of Slime
 92727 | Slime:5  | Lost mutation: You are frail. (-10% HP) [potion of
                  | mutation]
 92727 | Slime:5  | Lost mutation: One of your tentacles bears a spike. [potion
                  | of mutation]
 92727 | Slime:5  | Lost mutation: You are weak. (Str -2) [potion of mutation]
 92727 | Slime:5  | Lost mutation: You are clumsy. (Dex -2) [potion of
                  | mutation]
 92728 | Slime:5  | Lost mutation: You are dopey. (Int -2) [potion of mutation]
 92728 | Slime:5  | Lost mutation: You occasionally shout uncontrollably at
                  | your foes. [potion of mutation]
 92728 | Slime:5  | Lost mutation: You do not regenerate when monsters are
                  | visible. [potion of mutation]
 92728 | Slime:5  | Gained mutation: You sometimes lose your temper in combat.
                  | [potion of mutation]
 92728 | Slime:5  | Gained mutation: You are strong-willed. (Will+) [potion of
                  | mutation]
 92728 | Slime:5  | Gained mutation: You are frail. (-10% HP) [potion of
                  | mutation]
 92728 | Slime:5  | Lost mutation: You are frail. (-10% HP) [potion of
                  | mutation]
 92794 | Slime:5  | Noticed the Royal Jelly
 92815 | Slime:5  | Killed the Royal Jelly
 92888 | Slime:5  | Identified the staff "Feutti" {Str+3 Earth}
 92926 | Slime:5  | Identified the amulet "Otepotom" {Reflect rF+ SH+5}
 92977 | Slime:5  | Identified the ring "Taukybb" {Fly rPois Will+}
 93031 | Slime:5  | Identified the ring "Seaxaf" {Fly rPois Stlth+}
 93035 | Slime:5  | Got a slimy rune of Zot
 93118 | Slime:5  | Noticed Donald
 93125 | Slime:5  | Killed Donald
 93447 | Depths:1 | Voluntarily entered the Abyss.
 93760 | Abyss:3  | Received a gift from Trog
 93768 | Abyss:3  | Paralysed by accursed screaming for 1 turns
 93772 | Abyss:3  | Paralysed by accursed screaming for 2 turns
 93781 | Abyss:3  | Got an abyssal rune of Zot
 93782 | Abyss:3  | Paralysed by accursed screaming for 2 turns
 93929 | Abyss:3  | Received a gift from Trog
 93939 | Abyss:3  | Found a corrupted altar of Lugonu.
 93961 | Abyss:3  | Found a corrupted altar of Lugonu.
 94024 | Depths:1 | Escaped the Abyss
 94315 | Zot:5    | Noticed an orb of fire
 94319 | Zot:5    | Killed an orb of fire
 94321 | Zot:5    | Noticed an orb of fire
 94324 | Zot:5    | Noticed an orb of fire
 94324 | Zot:5    | Killed an orb of fire
 94328 | Zot:5    | Killed an orb of fire
 94329 | Zot:5    | Noticed an orb of fire
 94329 | Zot:5    | Gained mutation: Your magical capacity is low. (-10% MP)
                  | [an orb of fire]
 94332 | Zot:5    | Killed an orb of fire
 94332 | Zot:5    | Noticed an orb of fire
 94333 | Zot:5    | Gained mutation: Your magical capacity is very low. (-20%
                  | MP) [an orb of fire]
 94335 | Zot:5    | Noticed an orb of fire
 94339 | Zot:5    | Killed an orb of fire
 94343 | Zot:5    | Killed an orb of fire
 94347 | Zot:5    | Noticed a dread lich
 94348 | Zot:5    | Paralysed by a dread lich for 4 turns
 94352 | Zot:5    | Noticed a dread lich
 94360 | Zot:5    | Killed a dread lich
 94379 | Zot:5    | Killed a dread lich
 94380 | Zot:5    | Reached skill level 15 in Evocations
 94555 | Zot:5    | Received a gift from Trog
 94698 | Zot:5    | Got the Orb of Zot
 94769 | Zot:4    | Noticed Mas Rud the pandemonium lord
 94777 | Zot:4    | Killed Mas Rud the pandemonium lord
 95503 | D:$      | Escaped with the Orb!

Illustrated notes

Levels and vault maps discovered:
D:1:      giann_horns, layout_rooms, serial_shops, nicolae_shop_crystal,
          nicolae_shop_gibbet_a_chance, minmay_box_of_dots
D:2:      layout_loops_cross, hellmonk_ecumenical_altar_leap_of_faith
D:3:      layout_basic, lemuel_crystal_altar, serial_shops,
          nicolae_lakefront_shop, st_stairs_2
D:4:      layout_basic
D:5:      layout_basic, nemelex_diamond_rough_becter,
          mainiacjoe_overflow_divided_tiny, mainiacjoe_overflow_catwalk_spiral,
          nicolae_overflow_crystal_walls, lemuel_temple_firewalk_a, uniq_edmund
D:6:      layout_loops_ring, mainiacjoe_overflow_six_doors_small,
          lemuel_zombie_altar_yredelemnul, roderic_roman_lattice, uniq_jeremiah,
          uniq_eustachio
D:7:      corexii_shantytown, layout_basic, okawaru_humans,
          gammafunk_ghost_split, lemuel_flamethrower_1
D:8:      layout_basic, enter_bailey_4
D:9:      layout_roguey [special_room_orc], nrook_pool_corridor
D:10:     layout_gridville, kennysheep_mini, david_lair_shrubbed
D:11:     layout_cave_pools, orc_david_3, jiyva_altar_1
D:12:     layout_stronghold, uniq_josephine
D:13:     layout_basic, lightli_vaults_fourway_checkpoint, serial_shops, shop,
          grunt_decor_one_mirror, minmay_three_doors
D:14:     layout_loops_ring, grunt_dithmenos_shadows, uniq_azrael
D:15:     hangedman_depths_entry_try_elsewhere_first, layout_basic,
          minmay_misc_feat_more_columns
Temple:   chequers_temple_sunken
Lair:1:   lemuel_slime, layout_cave_shapes, uniq_urug
Lair:2:   layout_loops_ring, grunt_megastairs_2, lemuel_fruit_tree, uniq_fannar
Lair:3:   layout_cave_pods, alex1729_swamp_entry_worm_eleionoma,
          nicolae_spider_entry_orb_guardian
Lair:4:   layout_hall_layers, slime_entry_2, ebering_ghost_inner_flame,
          grunt_megastairs_1
Lair:5:   cheibrodos_lair_end_hotspot, layout_cave_pods,
          minmay_lair_oklob_items, serial_bayou_shore_a, uniq_snorg
Swamp:1:  layout_basic_swamp, evilmike_swamp_ruin_house_3, uniq_mlioglotl,
          uniq_jorgrun
Swamp:2:  layout_basic_swamp, evilmike_swamp_ruin_rubble_2
Swamp:3:  layout_falls_marsh, evilmike_swamp_ruin_wall
Swamp:4:  grunt_swamp_rune_castle, layout_basic_swamp, swamp_pool4
Spider:1: layout_spider_delve, uniq_asterion
Spider:2: layout_spider_delve, hangedman_spider_tarantella_strand
Spider:3: layout_chambers, portal_ice_cave_entry_ice_statue_two
Spider:4: grunt_spider_rune_circles, drop_trap
Slime:1:  layout_caves, nicolae_slime_phagocytosis
Slime:2:  layout_caves, nicolae_slime_barrier
Slime:3:  layout_caves
Slime:4:  layout_caves, cheibrodos_slime_lost_civilization_5
Slime:5:  slime_pit_nicolae_block_by_block, uniq_donald
Orc:1:    layout_caves, uniq_nergalle, uniq_maurice
Orc:2:    grunt_orc_cross, layout_caves
Elf:1:    minmay_elf_arrival_summoners, layout_geoelf_octagon,
          gammafunk_ghost_split, minmay_elf_necromancy, st_stairs_7,
          minivault_16, fountainhead
Elf:2:    nicolae_elf_blades_crystal_corner, layout_geoelf_octagon,
          serial_shops, shop, ebering_ghost_xom, uniq_agnes
Elf:3:    grunt_elf_hall_spiral, layout_geoelf_octagon
Vaults:1: hangedman_vaults_restitches, nicolae_vaults_little_squares_3,
          nicolae_vaults_steering_wheel, nicolae_vaults_closet_pinwheel_6,
          nicolae_vaults_storage_room_doors, hangedman_vaults_hat, v_misc_23,
          nicolae_vaults_frosty_reception, nicolae_vaults_storage_closets_1,
          v_misc_25, nicolae_vaults_variable_pillar_hall,
          nicolae_vaults_surprise_closet_hard, nicolae_vaults_double_plus_1,
          layout_vaults_omnibox, uniq_saint_roka, uniq_zenata
Vaults:2: vaults_room_guarded_vault, nicolae_vaults_shelves_hall,
          vaults_room_pools, hangedman_vaults_capsules,
          vaults_standard_mumra_enter_the_diamond, vaults_standard_mumra_lines,
          vaults_standard_mumra_x, nicolae_vaults_mitosis,
          nicolae_vaults_border_crossing, nicolae_vaults_ring_of_whatevers,
          ontoclasm_vaults_shuriken, nicolae_vaults_trapezoid_3,
          ontoclasm_vaults_gateway, vaults_room_semicircle,
          layout_vaults_omnicross, uniq_mennas
Vaults:3: minmay_crypt_entry_simple_sparse, nicolae_vaults_house_1, v_misc_5,
          nicolae_vaults_storage_room_water, nicolae_vaults_house_2,
          layout_vaults_quadrants
Vaults:4: nicolae_vaults_trapezoid_lopsided_4, v_pattern_1, v_misc_18,
          v_rooms_1, v_misc_28, vaults_dpeg_spiral,
          ontoclasm_vaults_decontamination, dpeg_vaults_monster_box,
          nicolae_vaults_double_plus_1, vaults_dpeg_diagonal,
          layout_vaults_big_room
Vaults:5: serial_shops, uniq_margery
Crypt:1:  layout_misc_corridors, grunt_crypt_arrival_split,
          roderic_lattice_octagonal_star, lemuel_upstairs_altar, uniq_boris,
          uniq_vv, uniq_sojobo
Crypt:2:  layout_misc_corridors
Crypt:3:  quadcrypt_mu
Tomb:1
Tomb:2
Tomb:3
Depths:1: layout_gridville, special_room [special_room_morgue],
          rand_demon_pan_entry_7, hellmouth_1, hangedman_abyss_entry_splay,
          serial_shops, shop, nicolae_shop_mannequins, shop, shop,
          chequers_serial_rivers_micro_b, kennysheep_another_room,
          hangedman_abyss_or_decor_jellyfish_corner,
          hangedman_decor_diamond_cutter, grunt_ministairs_4, grunt_potential
Depths:2: minmay_tri_box, layout_honeycomb, serial_sigils_hangedman_leer,
          rand_demon_pan_entry_5, hell_entry, serial_shops, bzr_entry_customers,
          shop, st_stairs_11, serial_sigils_hangedman_shear, uniq_enchantress
Depths:3: minmay_roctagon, layout_cave_shapes, abyss_entry, serial_sigils,
          serial_sigils_hangedman_shear, serial_sigils_hangedman_stare,
          serial_sigils_hangedman_snap, serial_sigils_hangedman_confine,
          hell_entry, led_sif_pool
Depths:4: hangedman_slaughterboxes, hell_entry
Hell
Dis:1:    layout_jigsaw, minmay_strange_pillars
Dis:2:    layout_jigsaw
Dis:3:    layout_gridville, minmay_strange_pillars, hangedman_dis_decor_tower,
          lemuel_mystery_crypt
Dis:4:    layout_gridville
Dis:5:    layout_gridville
Dis:6:    layout_subdivisions
Dis:7:    dis_hangedman
Geh:1:    layout_gehenna_lava_caves, nicolae_geh_lavax
Geh:2:    layout_gehenna_pools_triple
Geh:3:    layout_gehenna_lava_caves, special_room [special_room_morgue]
Geh:4:    layout_gehenna_pools_basic
Geh:5:    layout_gehenna_lava_caves
Geh:6:    layout_gehenna_lava_caves
Geh:7:    geh_mu
Coc:1:    layout_cocytus_water_paths
Coc:2:    layout_cocytus_delve
Coc:3:    layout_cocytus_water_paths
Coc:4:    layout_cocytus_delve
Coc:5:    layout_ice_bergs
Coc:6:    layout_cocytus_water_paths
Coc:7:    coc_dpeg
Tar:1:    layout_honeycomb, nicolae_tar_cuneiform_water
Tar:2:    layout_catacombs
Tar:3:    layout_honeycomb
Tar:4:    layout_cathedral_of_symmetry, nicolae_tar_four_comb_rooms
Tar:5:    layout_grid_maze
Tar:6:    layout_grid_maze
Tar:7:    tar_grunt_cathedral
Zot:1:    layout_cathedral_of_symmetry
Zot:2:    layout_onion
Zot:3:    cheibrodos_zot_enchanting_chambers, layout_onion_interference
Zot:4:    layout_misc_corridors
Zot:5:    layout_cathedral_of_symmetry

Skill      XL: |  1  2  3  4  5  6  7  8  9 10 11 12 13 14 15 16 17 18 19 20 21 22 23 24 25 26 27 |
---------------+----------------------------------------------------------------------------------+-----
Throwing       | 1 2 3 6 21 | 21.4
Dodging        | 4 5 6 8 12 13 14 15 17 19 20 21 27 | 27.0
Unarmed Combat | 4 5 6 7 10 12 13 14 15 17 19 20 21 27 | 27.0
Shields        | 2 3 8 13 15 17 18 27 | 27.0
Shapeshifting  | 5 9 11 12 13 14 15 17 18 21 23 25 | 25.8
Fighting       | 8 11 12 13 14 15 16 27 | 27.0
Evocations     | 7 10 16 | 16.3
Stealth        | 26 | 26.8

Action                     |  1- 3 |  4- 6 |  7- 9 | 10-12 | 13-15 | 16-18 | 19-21 | 22-24 | 25-27 || total
---------------------------+-------+-------+-------+-------+-------+-------+-------+-------+-------++-------
  Melee: Unarmed           |    94 |    77 |   266 |   417 |   941 |   757 |   911 |  1012 |  5026 ||  9501
         Tentacles         |    14 |    21 |    59 |       |       |     7 |   248 |   248 |  1417 ||  2014
         Constrict         |    29 |    15 |    66 |    93 |   203 |   146 |   181 |   127 |   650 ||  1510
         Punch             |     2 |     4 |    21 |       |       |     1 |   124 |   160 |  1118 ||  1430
         Trishula          |       |       |       |       |       |       |     6 |       |       ||     6
         Kick              |       |       |       |       |       |       |       |       |   945 ||   945
  Throw: Boomerang         |     1 |     2 |     5 |       |       |       |    16 |       |   304 ||   328
         Dart              |       |       |       |       |       |    10 |    34 |       |       ||    44
         Throwing net      |       |       |       |       |       |       |       |       |     5 ||     5
 Invoke: Berserk           |     1 |     2 |    14 |     6 |    17 |     9 |     1 |     3 |     4 ||    57
         Trog's Hand       |       |       |     1 |     1 |     5 |     6 |    11 |     8 |    49 ||    81
         Brothers in Arms  |       |       |       |     1 |     2 |     3 |     1 |     4 |     6 ||    17
Ability: Blinkbolt         |       |       |       |       |       |       |       |     2 |     2 ||     4
  Evoke: Wand              |       |       |       |     9 |     9 |     7 |    10 |    11 |    50 ||    96
         Tin of tremorston |       |       |       |     3 |     2 |     1 |     5 |     2 |     4 ||    17
         Lightning rod     |       |       |       |       |       |       |     1 |     3 |     2 ||     6
         Phantom mirror    |       |       |       |       |       |       |       |     1 |     1 ||     2
         Sack of spiders   |       |       |       |       |       |       |       |       |     1 ||     1
         Figurine of a zig |       |       |       |       |       |       |       |       |     1 ||     1
    Use: Scroll            |       |     5 |     5 |     1 |     6 |    15 |     5 |    15 |    57 ||   109
         Potion            |       |       |       |     2 |     2 |    14 |     6 |     6 |    34 ||    64
   Stab: Sleeping          |     8 |     5 |    19 |       |     2 |     5 |     8 |     9 |    55 ||   111
         Distracted        |       |       |     1 |       |     1 |       |     4 |     6 |    43 ||    55
         Invisible         |       |       |       |       |       |     2 |       |       |     1 ||     3
 Armour: Skin              |    28 |    23 |   104 |   239 |   586 |   689 |   789 |   412 |  1296 ||  4166
  Dodge: Dodged            |    58 |    36 |    71 |   199 |   629 |   814 |   801 |   928 |  3415 ||  6951
  Block: Tower shield      |       |       |   133 |       |       |    26 |  1355 |  1241 |  7318 || 10073
         Other             |       |       |       |    57 |    21 |       |       |    47 |     7 ||   132
         Reflection        |       |       |       |       |       |       |    77 |    48 |    37 ||   162
   Form: Anaconda          |       |       |     1 |       |       |       |       |       |       ||     1
         Statue            |       |       |       |       |       |     1 |       |     1 |     4 ||     6
         Storm             |       |       |       |       |       |       |       |     1 |     4 ||     5

Table legend: (Time is in decaauts)
 A = Elapsed time spent in this place.
 B = Non-inter-level travel time spent in this place.
 C = Inter-level travel time spent in this place.
 D = Time resting spent in this place.
 E = Time spent auto-exploring this place.
 F = Levels seen in this place.
 G = Mean time per level.
                   A        B        C        D        E       F      G
               +--------+--------+--------+--------+--------+-----+--------+
         Total | 120282 | 104214 |  16068 |  15951 |  45003 | 122 |  985.9 |
       Dungeon |  19573 |  16001 |   3572 |   2442 |   9095 |  15 | 1304.9 |
        Temple |      1 |      1 |      0 |      0 |      0 |   1 |    1.0 |
          Lair |   9605 |   8134 |   1471 |   2121 |   4477 |   5 | 1921.0 |
         Swamp |   5685 |   4857 |    828 |   2107 |   1677 |   4 | 1421.2 |
   Spider Nest |   7022 |   6687 |    335 |    802 |   3579 |   4 | 1755.5 |
    Slime Pits |    799 |    715 |     84 |     45 |      0 |   5 |  159.8 |
  Orcish Mines |   1633 |   1308 |    325 |    134 |    683 |   2 |  816.5 |
   Elven Halls |   4822 |   4659 |    163 |    325 |   2938 |   3 | 1607.3 |
        Vaults |  11053 |   9415 |   1638 |    873 |   6053 |   5 | 2210.6 |
         Crypt |   7608 |   4852 |   2756 |    139 |   2803 |   3 | 2536.0 |
          Tomb |   8287 |   5980 |   2307 |   2422 |    931 |   3 | 2762.3 |
        Depths |   8054 |   6792 |   1262 |    372 |   4314 |   4 | 2013.5 |
          Hell |   1377 |   1177 |    200 |    153 |    454 |   1 | 1377.0 |
           Dis |   2945 |   2744 |    201 |    183 |     84 |   7 |  420.7 |
       Gehenna |   2736 |   2536 |    200 |    196 |     40 |   7 |  390.9 |
       Cocytus |   2873 |   2842 |     31 |    801 |    550 |   7 |  410.4 |
      Tartarus |   3236 |   3041 |    195 |    308 |    529 |   7 |  462.3 |
           Zot |   7744 |   7250 |    494 |    843 |   4162 |   5 | 1548.8 |
         Abyss |   1289 |   1289 |      0 |      0 |    363 |   4 |  322.2 |
   Pandemonium |  12435 |  12435 |      0 |   1334 |   2118 |  17 |  731.5 |
      Ziggurat |    376 |    376 |      0 |      0 |      0 |  10 |   37.6 |
        Bazaar |    292 |    292 |      0 |    112 |     73 |   1 |  292.0 |
        Bailey |    473 |    473 |      0 |      0 |     74 |   1 |  473.0 |
      Ice Cave |    353 |    353 |      0 |    232 |      0 |   1 |  353.0 |
               +--------+--------+--------+--------+--------+-----+--------+

Top non-repeatable levels by time:
  Tomb:1: 4601 daAuts
 Crypt:3: 4088 daAuts
  Lair:3: 2969 daAuts
Depths:4: 2714 daAuts
Vaults:1: 2639 daAuts
Spider:3: 2491 daAuts
Vaults:5: 2465 daAuts
Spider:4: 2421 daAuts
   Zot:1: 2410 daAuts
  Lair:5: 2370 daAuts
Vaults:2: 2303 daAuts
Depths:1: 2191 daAuts
Vaults:3: 2184 daAuts
 Crypt:1: 2168 daAuts
   Tar:7: 2106 daAuts
